 Dungeon Crawl Stone Soup version 0.31-a0-329-g52107efa6a (webtiles) character file.

Game seed: 13377548208984275126

570409 confidenceinterval the Minotaur Barricade (level 25, -5/247 HPs)
             Began as a Minotaur Chaos Knight on July 19, 2023.
             Was a Favourite Plaything of Xom.
             Slain by a yellow draconian monk (7 damage)
             ... on level 4 of the Realm of Zot.
             The game lasted 03:08:52 (65361 turns).

confidenceinterval the Minotaur Barricade (MiCK)   Turns: 65361, Time: 03:08:53

Health: -5/247     AC: 11    Str: 34    XL:     25   Next: 62%
Magic:  22/22      EV: 19    Int:  5    God:    Xom [......]
Gold:   5211       SH: 26    Dex: 12    Spells: 24/24 levels left

rFire   + + +        z - +4 demon whip (drain)
rCold   + + .        U - +2 tower shield {reflect}
rNeg    + + +        u - +4 scale mail of the Griffon {rPois rC- Will++}
rPois   +            (helmet unavailable)
rElec   +            H - +0 cloak of the Merwolf {rN+++ Regen+ rCorr Int-4}
rCorr   +            Q - +2 pair of gloves of Amorality {rPois rF+ Slay+5 SInv}
SInv    +            T - +3 pair of seven-league boots {Rampage+∞}
Will    +++..        o - amulet of regeneration
Stlth   ++++         e - ring "Nazo" {rF+ rC++ AC+4}
HPRegen 3.01/turn    G - ring "Wuhi" {Contam rC+ Str+7}
MPRegen 0.18/turn

%: reflection, rampage+∞
@: about to teleport, corroded
A: horns 3, retaliatory headbutt, iridescent scales 2, fire resistance 1, sense
surroundings 1, regeneration 1, electricity resistance, wild magic 1, noise
suppression
}: 3/15 runes: serpentine, barnacled, silver
a: Renounce Religion


You were on level 4 of the Realm of Zot.
You worshipped Xom.
You were a very special plaything of Xom.
You visited 9 branches of the dungeon, and saw 46 of its levels.
You also visited: Trove, Bailey and Gauntlet.

You collected 8819 gold pieces.
You spent 3608 gold pieces at shops.

Inventory:

Hand Weapons
 z - a +4 demon whip of draining (weapon)
 B - a +9 morningstar of draining
 K - a +6 eveningstar of draining
Missiles
 k - 15 curare-tipped darts
 A - 4 throwing nets
 S - 11 silver javelins
Armour
 b - the +2 hat "Zerow Ivab" {Str+3}
   (You found it in a Gauntlet)

   Str:       It affects your strength (+3).
 d - quicksilver dragon scales
 u - the +4 scale mail of the Griffon (worn) {rPois rC- Will++}
   (You bought it in a shop on level 1 of the Orcish Mines)

   rC:        It makes you vulnerable to cold.
   rPois:     It protects you from poison.
   Will:      It greatly increases your willpower.
 H - the +0 cloak of the Merwolf (worn) {rN+++ Regen+ rCorr Int-4}
   (You bought it in a shop on level 2 of the Orcish Mines)

   Int:       It affects your intelligence (-4).
   rN:        It renders you almost immune to negative energy.
   Regen:     It increases your rate of health regeneration.
   rCorr:     It protects you from acid and corrosion.
 Q - the +2 pair of gloves of Amorality (worn) {rPois rF+ Slay+5 SInv}
   (You found it on level 4 of the Shoals)

   Slay:      It affects your accuracy & damage with ranged weapons and melee
   (+5).
   rF:        It protects you from fire.
   rPois:     It protects you from poison.
   SInv:      It lets you see invisible.
 T - the +3 pair of seven-league boots (worn) {Rampage+∞}
   (You bought it in a shop on level 2 of the Orcish Mines)

   Rampage+∞: When moving toward enemies, its wearer moves as far as possible,
   alerting their target en route.
 U - a +2 tower shield of reflection (worn)
 V - +0 storm dragon scales
 Z - +0 gold dragon scales
Jewellery
 e - the ring "Nazo" (left hand) {rF+ rC++ AC+4}
   (You acquired it in a Gauntlet)

   [ring of protection]

   AC:        It affects your AC (+4).
   rF:        It protects you from fire.
   rC:        It greatly protects you from cold.
 f - the ring "Ucsoqei" {rF+ AC+4 Int+4}
   (You took it off a tengu reaver on level 5 of the Vaults)

   [ring of protection]

   AC:        It affects your AC (+4).
   Int:       It affects your intelligence (+4).
   rF:        It protects you from fire.
 l - a ring of flight
 o - an amulet of regeneration (around neck)
 E - the ring of the Vendetta {rElec Will+ rCorr Dex+2 Stlth+}
   (You took it off a draconian monk on level 4 of the Depths)

   [ring of resist corrosion]

   Dex:       It affects your dexterity (+2).
   rElec:     It insulates you from electricity.
   rCorr:     It protects you from acid and corrosion.
   Will:      It increases your willpower.
   Stlth:     It makes you more stealthy.
 G - the ring "Wuhi" (right hand) {Contam rC+ Str+7}
   (You found it on level 13 of the Dungeon)

   [ring of protection from cold]

   Str:       It affects your strength (+7).
   rC:        It protects you from cold.
   Contam:    It causes magical contamination when unequipped.
 J - a ring of see invisible
 P - the amulet "Natiug" {Reflect rC+ rN+ Regen+ SH+5}
   (Xom gifted it to you on level 4 of the Depths)

   [amulet of reflection]

   It reflects blocked missile attacks.
   rC:        It protects you from cold.
   rN:        It protects you from negative energy.
   Regen:     It increases your rate of health regeneration.
   SH:        It affects your SH (+5).
 W - the amulet of Heanemag {RegenMP rN+ Stlth+}
   (You took it off a deep elf death mage on level 3 of the Elven Halls)

   [amulet of magic regeneration]

   It increases your rate of magic regeneration.
   rN:        It protects you from negative energy.
   Stlth:     It makes you more stealthy.
Wands
 j - a wand of mindburst (30)
 w - a wand of roots (56)
 y - a wand of paralysis (56)
 C - a wand of digging (16)
 N - a wand of acid (45)
 O - a wand of polymorph (25)
Scrolls
 a - 6 scrolls of revelation
 g - 5 scrolls of poison
 h - 11 scrolls of teleportation
 t - 5 scrolls of blinking
 x - 6 scrolls of fog
 L - 8 scrolls of immolation
 M - a scroll of silence
 R - 12 scrolls of fear
 Y - a scroll of summoning
Potions
 n - 2 potions of invisibility
 p - 10 potions of enlightenment
 q - 9 potions of heal wounds
 r - 4 potions of cancellation
 s - 17 potions of curing
 v - 6 potions of resistance
 F - 6 potions of haste
 I - 11 potions of might
 X - 4 potions of berserk rage
Miscellaneous
 c - a piece from Xom's chessboard (15/15) (quivered)
 i - a box of beasts
 m - a lightning rod (4/4)
 D - a phantom mirror


   Skills:
 + Level 24.7 Fighting
 - Level 22.0 Maces & Flails
 - Level 8.5 Ranged Weapons
 + Level 23.5 Armour
 - Level 19.9 Dodging
 - Level 14.0 Stealth
 O Level 27 Shields
 - Level 12.0 Evocations


You had 24 spell levels left.
You didn't know any spells.
Your spell library contained the following spells:

 Spells                   Type           Power      Damage    Failure   Level
 Apportation              Tloc           0%         N/A       67%         1
 Foxfire                  Conj/Fire      0%         2x1d4     67%         1
 Freeze                   Ice            0%         1d3       67%         1
 Magic Dart               Conj           0%         1d3       67%         1
 Slow                     Hex            0%         N/A       67%         1
 Call Imp                 Summ           0%         N/A       80%         2
 Cigotuvi's Dreadful Rot  Necr/Pois/Air  0%         N/A       80%         2
 Passwall                 Tmut/Erth      0%         N/A       80%         2
 Poisonous Vapours        Pois/Air       0%         N/A       80%         2
 Sublimation of Blood     Necr           0%         N/A       80%         2
 Wereblood                Tmut           0%         N/A       80%         2
 Call Canine Familiar     Summ           0%         N/A       95%         3
 Confusing Touch          Hex            0%         N/A       95%         3
 Dazzling Flash           Conj/Hex       0%         N/A       95%         3
 Frozen Ramparts          Ice            0%         1d1       95%         3
 Gell's Gravitas          Tloc           0%         N/A       95%         3
 Hailstorm                Conj/Ice       0%         3d3       95%         3
 Ignite Poison            Fire/Tmut/Pois 0%         N/A       95%         3
 Inner Flame              Hex/Fire       0%         N/A       95%         3
 Mephitic Cloud           Conj/Pois/Air  0%         N/A       95%         3
 Ozocubu's Armour         Ice            0%         N/A       95%         3
 Portal Projectile        Hex/Tloc       0%         N/A       95%         3
 Stone Arrow              Conj/Erth      0%         3d7       95%         3
 Summon Guardian Golem    Hex/Summ       0%         N/A       95%         3
 Tukima's Dance           Hex            0%         N/A       95%         3
 Vampiric Draining        Necr           0%         2d6       95%         3
 Vhi's Electric Charge    Tloc/Air       0%         N/A       95%         3
 Volatile Blastmotes      Fire/Tloc      0%         2d10      95%         3
 Animate Armour           Summ/Erth      0%         N/A       100%        4
 Animate Dead             Necr           0%         N/A       100%        4
 Dispel Undead            Necr           0%         3d6       100%        4
 Flame Wave               Conj/Fire      0%         2d4       100%        4
 Fulminant Prism          Conj/Hex       0%         3d5       100%        4
 Iskenderun's Mystic Bla  Conj/Tloc      0%         2d3       100%        4
 Leda's Liquefaction      Hex/Erth       0%         N/A       100%        4
 Manifold Assault         Tloc           0%         N/A       100%        4
 Passage of Golubria      Tloc           0%         N/A       100%        4
 Petrify                  Tmut/Erth      0%         N/A       100%        4
 Sticky Flame             Conj/Fire      0%         2d3       100%        4
 Borgnjor's Vile Clutch   Necr/Erth      0%         N/A       100%        5
 Freezing Cloud           Conj/Ice/Air   0%         6-21      100%        5
 Irradiate                Conj/Tmut      0%         3d11      100%        5
 Lee's Rapid Deconstruct  Erth           0%         3d4*      100%        5
 Metabolic Englaciation   Hex/Ice        0%         N/A       100%        5
 Silence                  Hex/Air        0%         N/A       100%        5
 Summon Forest            Summ/Tloc      0%         N/A       100%        5
 Summon Mana Viper        Hex/Summ       0%         N/A       100%        5
 Yara's Violent Unravell  Hex/Tmut       0%         3d3       100%        5
 Conjure Ball Lightning   Conj/Air       0%         3x3d6     100%        6
 Death Channel            Necr           0%         N/A       100%        6
 Dispersal                Tloc           0%         N/A       100%        6
 Leda's Unmaking          Conj/Erth      0%         9d1       100%        6
 Plasma Beam              Fire/Air       0%         2x1d10    100%        6
 Simulacrum               Ice/Necr       0%         N/A       100%        6
 Starburst                Conj/Fire      0%         6d3       100%        6
 Summon Cactus Giant      Summ           0%         N/A       100%        6
 Enfeeble                 Hex            0%         N/A       100%        7
 Haunt                    Necr/Summ      0%         N/A       100%        7
 Malign Gateway           Summ/Tloc      0%         N/A       100%        7
 Summon Hydra             Summ           0%         N/A       100%        7
 Borgnjor's Revivificati  Necr           0%         N/A       100%        8
 Disjunction              Tloc           0%         N/A       100%        8
 Infestation              Necr           0%         N/A       100%        8
 Lehudib's Crystal Spear  Conj/Erth      0%         10d2      100%        8
 Maxwell's Capacitive Co  Air            0%         ∞         100%        8
 Summon Horrible Things   Summ           0%         N/A       100%        8
 Chain Lightning          Conj/Air       0%         N/A       100%        9
 Death's Door             Necr           0%         N/A       100%        9


Dungeon Overview and Level Annotations

Branches:
Dungeon (15/15)            Temple (0/1) D:6            Lair (5/5) D:10
 Shoals (4/4) Lair:2        Snake (4/4) Lair:2        Slime (0/5) Lair:5
    Orc (2/2) D:11            Elf (3/3) Orc:2        Vaults (5/5) D:13
  Crypt (0/3) Vaults:2     Depths (4/4) D:15            Zot (4/5) Depths:4
 Bailey (visited)         Gauntlet (visited)

Altars:
Ashenzari
Dithmenos
Elyvilon
Gozag
Hepliaklqana
Kikubaaqudgha
Makhleb
Okawaru
Qazlal
Ru
Sif Muna
Uskayaw
Vehumet
Xom
Zin

Shops:
D:2 (*:*[   D:7 (   Orc:1 *   Orc:2 [([[[   Elf:2 *   Elf:3 (   Shoals:1 *
Snake:4 :[   Depths:3 !*:

Portals:
Hell: Depths:1 Depths:2 Depths:3 Depths:4
Abyss: D:3 Depths:3 Depths:4
Pandemonium: Depths:1 Depths:2
Ziggurat: Depths:1

Annotations:
D:3 2 transporters, voshxx's ghost, amateur TrSh
Shoals:2 5 transporters
Shoals:3 1 runed translucent door, ciphuk's ghost, adept FeSh
Snake:2 3 runed translucent doors, Olga's ghost, journeyman DrMo
Snake:3 Roxanne
Elf:1 7 runed translucent doors, Peptixtoax's ghost, adept TeAE
Vaults:1 1 runed translucent door, Simp's ghost, adept GnIE
Vaults:4 1 runed translucent door, Moesucla's ghost, adept DsGl
Depths:3 3 runed translucent doors
Depths:4 exclusion: 4 doors
Zot:3 1 transporter
Zot:4 exclusion: oklob plant


Innate Abilities, Weirdness & Mutations

You have a pair of large horns on your head.
You reflexively headbutt those who attack you in melee.
You are mostly covered in iridescent scales. (AC +4)
Your flesh is heat resistant. (rF+)
You passively map a small area around you.
Your natural rate of healing is unusually fast.
You are resistant to electric shocks. (rElec)
Your spells are a little harder to cast, but a little more powerful.
You passively dampen the noise of your surroundings.


Message History

The yellow draconian is moderately wounded.
You block the yellow draconian's attack.
The yellow draconian hits you with a +0 mace.
* * * LOW HITPOINT WARNING * * *
The acid blob spits acid at you. The splash of acid misses you.
You thrash the yellow draconian!!
The yellow draconian is heavily wounded.
The acid blob hits you!!
* * * LOW HITPOINT WARNING * * *
You are splashed with acid.
You resist.
* * * LOW HITPOINT WARNING * * *
The acid blob spits acid at you. The splash of acid misses you.
You block the yellow draconian monk's attack. x2
The yellow draconian monk tail-slaps you!
* * * LOW HITPOINT WARNING * * *
Unknown command.
Unknown command.
You feel much better. The yellow draconian spits acid at you.
The glob of acid hits you. You resist.
* * * LOW HITPOINT WARNING * * *
The acid corrodes you!
You block the yellow draconian's attack.
The acid blob spits acid at you. The splash of acid hits you! You resist.
* * * LOW HITPOINT WARNING * * *
The acid blob spits acid at you. The splash of acid hits you. You resist.
* * * LOW HITPOINT WARNING * * *
The acid corrodes you! The acid blob hits you!!
* * * LOW HITPOINT WARNING * * *
You are splashed with acid.
You resist.
* * * LOW HITPOINT WARNING * * *
You block the yellow draconian monk's attack.
The yellow draconian monk kicks you but does no damage.
The yellow draconian monk tail-slaps you!
You die...
Xom giggles madly!

, ##..?###...#
#.......###...## ,
##...###....#
#........###._.#
##...###...###
#######...###...
##...###...## ##...###..
#...###...## ######
##...###. ...###...##
###....### ##...###
..###...## ###........###
##...## ..##...##
#...ddJ......## ##...#
..##[.## ..#@J..#....##
##..# [.##..# ##Jq..##....#
#..# ..##.[###
,##.q....##...## #..#
..##....#, ,##........##...#
#..# .)##....#.,
#....>.....#...# #...
..##..###...#.....>....#...#
#... ..##..#
#...#....>.....#...# #).#
..##..# #...##.?...P..##...#
#.)#
......####...##......##)).##
#..#


You could see a yellow draconian monk, 3 acid blobs, 2 draconians, a yellow
draconian shifter and an oklob plant.

Vanquished Creatures
  2 dread liches (Vaults:5)
  An orb of fire (Zot:3)
  An ancient lich (Vaults:5)
  Mara (Snake:3)
  4 juggernauts
  Sojobo (Depths:1)
  Margery (Vaults:2)
  Xtahua (Vaults:5)
  the Enchantress (Depths:2)
  8 golden dragons
  Jory (Vaults:2)
  Jorgrun (D:12)
  12 tentacled monstrosities
  Asterion (Elf:1)
  A walking crystal tome (Depths:3)
  A walking earthen tome (Depths:1)
  6 titans
  10 quicksilver dragons
  2 deep elf blademasters (Elf:3)
  A walking frostbound tome (Depths:3)
  4 walking divine tomes
  3 deep elf master archers (Elf:3)
  10 death cobs
  4 acid blobs (Zot:4)
  Polyphemus (Shoals:2)
  9 sphinxes
  11 shadow dragons
  14 draconian monks
  Kirke (Shoals:2)
  Ilsuiw (Shoals:2)
  Aizul (Snake:4)
  10 tengu reavers
  12 storm dragons
  7 draconian knights
  7 deep elf sorcerers
  Donald (Vaults:4)
  3 nagarajas (Snake:4)
  A balrug (Depths:1)
  6 fire giants
  2 iron dragons (Vaults:5)
  20 vault wardens
  3 ghost moths
  6 draconian scorchers
  14 frost giants
  5 draconian shifters
  6 draconian stormcallers
  27 very ugly things
  5 deep elf elementalists
  5 spriggan defenders
  22 ironbound preservers
  9 draconian annihilators
  A quicksilver ooze (Shoals:3)
  10 ironbound thunderhulks
  2 orc warlords
  14 stone giants
  3 formless jellyfish
  13 green draconians
  A vampire knight (Depths:1)
  2 war gargoyles (Vaults:5)
  A minotaur (Gauntlet)
  10 deep elf demonologists
  13 purple draconians
  12 black draconians
  8 deep elf annihilators
  16 dire elephants
  3 spark wasps
  15 yellow draconians
  The ghost of Thargor the Fighter, a journeyman MiFi of the Shining One (Orc:1)
  8 deep elf death magi (Elf:3)
  13 red draconians
  16 ettins
  12 merfolk impalers
  17 white draconians
  Josephine (D:14)
  2 eidola (Vaults:4)
  14 merfolk javelineers
  12 yaktaur captains
  11 fire dragons
  2 entropy weavers
  3 great orbs of eyes
  6 deep elf high priests
  An ice dragon (shapeshifter) (D:12)
  11 ice dragons
  An ogre mage (D:14)
  3 hydras
  3 rakshasas
  30 vault guards
  8 ironbound frosthearts
  3 salamander tyrants (Snake:4)
  A catoblepas (Shoals:2)
  2 peacekeepers
  3 spriggan air magi
  A merfolk avatar (Shoals:2)
  16 centaur warriors
  5 two-headed ogres
  A radroach (Zot:4)
  8 boulder beetles
  A death knight (Vaults:2)
  An alligator snapping turtle (Snake:4)
  6 merfolk aquamancers
  12 naga warriors
  2 alligators
  9 anacondas
  26 dancing weapons
  11 tengu warriors
  15 naga sharpshooters
  5 deep troll shamans
  An orc high priest (Orc:2)
  6 death yaks
  3 vampire magi
  4 spriggan berserkers
  4 deep troll earth magi
  7 shock serpents
  13 deep elf knights
  3 spriggans
  A wretched star (Gauntlet)
  Sonja (D:13)
  8 hell knights
  2 skeletal warriors (D:12)
  5 skysharks
  2 salamander mystics (Snake:3)
  A fire crab (shapeshifter) (D:13)
  A death drake (Depths:4)
  A goliath frog (Shoals:3)
  An orb spider (Lair:5)
  41 deep trolls
  6 sea snakes
  An orb spider (shapeshifter) (Depths:1)
  8 iron trolls
  An obsidian statue (Orc:1)
  A swamp dragon (Lair:5)
  6 glowing orange brains
  6 naga ritualists
  8 large abominations (Depths:3)
  2 flayed ghosts
  A glowing orange brain (shapeshifter) (Vaults:5)
  7 phantasmal warriors (Vaults:5)
  13 wizards
  8 lindwurms
  11 deep elf archers
  12 ironbound convokers
  A wolf spider (D:12)
  10 necromancers
  7 orc knights
  16 deep elf zephyrmancers
  22 harpies
  49 ugly things
  17 deep elf pyromancers
  3 orc sorcerers
  5 cyclopes
  17 manticores
  A shining eye (shapeshifter) (D:12)
  7 mana vipers
  27 moths of wrath
  A moth of wrath (shapeshifter) (Depths:3)
  9 fauns
  A salamander (shapeshifter) (Elf:1)
  A centaur zombie (D:15)
  A manticore (shapeshifter) (Depths:2)
  An eye of devastation (Snake:2)
  15 salamanders
  Joseph (D:8)
  An ice statue (Gauntlet)
  8 merfolk sirens
  17 elephants
  A stone giant skeleton (Vaults:5)
  38 black mambas
  5 torpor snails
  3 guardian serpents
  An eye of devastation (shapeshifter) (Vaults:5)
  A fire giant skeleton (Vaults:5)
  5 water nymphs (Shoals:4)
  14 vault sentinels
  A guardian serpent (shapeshifter) (D:14)
  4 cane toads
  16 naga magi
  2 centaur skeletons (D:15)
  2 gargoyles
  8 komodo dragons
  7 rime drakes
  An unseen horror (Depths:3)
  2 efreet
  A kobold demonologist (D:12)
  An elf zombie (Vaults:2)
  A yaktaur zombie (Vaults:2)
  An ice devil (Depths:1)
  23 yaktaurs
  2 freezing wraiths
  Psyche (D:8)
  A yaktaur skeleton (Vaults:2)
  2 red devils (Depths:1)
  5 tengu conjurers
  7 meliai
  9 hornets
  A meliai (shapeshifter) (D:15)
  3 polar bears
  A tarantella (shapeshifter) (Elf:3)
  5 trolls
  11 wind drakes
  14 merfolk
  3 tyrant leeches (Lair:5)
  A wind drake (shapeshifter) (D:13)
  An iron dragon simulacrum (Vaults:5)
  11 snapping turtles
  A hornet (shapeshifter) (Depths:1)
  4 blink frogs (Lair:2)
  A dream sheep (Vaults:2)
  A slime creature (shapeshifter) (D:14)
  7 air elementals
  3 shadows
  A culicivora (Orc:1)
  5 wyverns
  23 slime creatures
  12 wraiths
  4 fire elementals
  A hog (shapeshifter) (Vaults:5)
  27 water elementals
  6 basilisks
  2 hogs (Shoals:2)
  35 yaks
  A yaktaur simulacrum (Vaults:2)
  4 chaos spawn
  4 steam dragons
  A neqoxec (Gauntlet)
  8 redbacks
  8 vampire mosquitoes
  A harpy simulacrum (D:15)
  4 wargs (Orc:2)
  A swamp worm (Vaults:2)
  18 water moccasins
  Duvessa (D:7)
  5 acid dragons (D:12)
  38 nagas
  A floating eye (shapeshifter) (Vaults:1)
  2 swamp drakes (Lair:5)
  A meliai simulacrum (D:15)
  38 orc warriors
  2 black bears
  3 sky beasts
  An ettin simulacrum (Vaults:2)
  4 boggarts
  9 centaurs
  8 ogres
  31 wolves
  3 kobold brigands
  2 phantoms
  10 bullfrogs
  4 scorpions
  6 earth elementals
  A wight (D:7)
  Dowan (D:7)
  8 killer bees (D:9)
  2 troll zombies (D:11)
  3 small abominations (Depths:3)
  A howler monkey (D:6)
  12 electric eels
  2 gnoll boudas
  33 orc priests
  5 hounds
  26 jellies
  7 iguanas
  An iguana (shapeshifter) (Depths:1)
  2 sleepcaps
  28 orc wizards
  4 ogre zombies (D:11)
  11 adders
  14 gnolls
  2 shadow imps
  A white imp (D:5)
  An ufetubus (D:4)
  A worm (D:3)
  2 dart slugs
  135 orcs
  4 ball pythons
  6 endoplasms
  2 giant cockroaches
  7 goblins
  6 hobgoblins
  4 jackals (D:1)
  2 quokkas (D:4)
  4 bats
  A frilled lizard (D:1)
  A goblin zombie (D:11)
  A hobgoblin skeleton (D:11)
  2 hobgoblin zombies (D:11)
  19 kobolds
  2 orc skeletons (D:11)
  13 orc zombies (D:11)
  2 rats
2095 creatures vanquished.

Vanquished Creatures (collateral kills)
  2 nagarajas
  An ironbound thunderhulk (Vaults:1)
  An ironbound preserver (Vaults:3)
  A merfolk javelineer (Shoals:2)
  4 naga warriors
  A two-headed ogre (D:10)
  2 naga sharpshooters
  A shock serpent (Snake:4)
  A hell knight (Depths:2)
  A lindwurm (Vaults:1)
  A cyclops (D:12)
  A komodo dragon (D:12)
  2 trolls
  A shadow (D:10)
  5 yaks
  4 nagas
  2 wights (D:7)
  2 howler monkeys
  2 orc priests
  An orc wizard (D:9)
  4 orcs
40 creatures vanquished.

Vanquished Creatures (others)
  2 draconian knights
  A nagaraja (Snake:4)
  A dire elephant (Vaults:1)
  A rakshasa (Depths:3)
  A vault guard (Vaults:5)
  5 dancing weapons
  A vampire mage (Depths:3)
  A shock serpent (Snake:4)
  A deep elf knight (Elf:2)
  A harpy (Shoals:4)
  A salamander (Snake:4)
  An elephant (Lair:5)
  A water nymph (Shoals:4)
  A howler monkey (D:5)
  An orc wizard (D:4)
  2 orcs
  An orc zombie (D:9)
  5 tentacles (Shoals:1)
28 creatures vanquished.

Grand Total: 2163 creatures vanquished

Notes
Turn   | Place    | Note
-------+----------+-------------------------------------------
     0 | D:1      | confidenceinterval the Minotaur Chaos Knight began the
                  | quest for the Orb.
     0 | D:1      | Reached XP level 1. HP: 19/19 MP: 0/0
    72 | D:1      | XOM: silly message
    73 | D:1      | XOM: potion effect (curing)
    75 | D:1      | Reached XP level 2. HP: 27/27 MP: 1/1
   612 | D:2      | XOM: silly message
   702 | D:2      | Reached XP level 3. HP: 34/34 MP: 2/2
   704 | D:2      | Found Merenlipt's Book Shop.
   704 | D:2      | Found Effod's General Store.
   748 | D:2      | Found Adoshe's Assorted Antiques.
   757 | D:2      | Bought a scroll labelled FIS YGYWESUEZ for 17 gold pieces
   785 | D:2      | Found Itui's Antique Armour Shop.
   836 | D:2      | XOM: silly message
  1234 | D:2      | XOM: god gift: 5 stones
  1261 | D:2      | Found Anion's Antique Weapon Boutique.
  1552 | D:3      | Noticed a small abomination
  1636 | D:3      | Found a sacrificial altar of Ru.
  1686 | D:3      | XOM: 1-stop teleportation journey
  1688 | D:3      | Found a transporter.
  1689 | D:3      | Found a transporter.
  1690 | D:3      | Found a one-way gate to the infinite horrors of the Abyss.
  1690 | D:3      | Noticed voshxx's ghost (amateur TrSh)
  1698 | D:3      | Reached skill level 5 in Maces & Flails
  1713 | D:3      | XOM: summons 3 friendly demons
  1715 | D:3      | Reached skill level 5 in Fighting
  1715 | D:3      | Reached XP level 4. HP: 7/42 MP: 3/3
  1872 | D:3      | XOM: noise
  1923 | D:3      | Noticed a small abomination
  2089 | D:3      | Reached XP level 5. HP: 48/48 MP: 4/4
  2319 | D:3      | XOM is BORED!
  2348 | D:4      | XOM: butterfly on damage
  2350 | D:4      | XOM: blink monster(s)
  2587 | D:4      | Noticed a phantom
  2859 | D:4      | XOM: silly message
  3012 | D:4      | XOM: confusion
  3012 | D:4      | HP: 2/48 [orc priest/+0 war axe (3)]
  3058 | D:4      | XOM: give mutations
  3058 | D:4      | Gained mutation: Your spells are a little easier to cast,
                  | but a little less powerful. [Xom's mischief]
  3058 | D:4      | Gained mutation: You have large cloven feet. [Xom's
                  | mischief]
  3172 | D:4      | XOM: 10-stop teleportation journey
  3280 | D:4      | Killed a phantom
  3281 | D:4      | Reached XP level 6. HP: 53/56 MP: 5/5
  3312 | D:4      | Noticed a wyvern
  3320 | D:4      | Killed a wyvern
  3321 | D:4      | Reached skill level 5 in Armour
  3489 | D:4      | Reached XP level 7. HP: 61/61 MP: 6/6
  3728 | D:4      | XOM: summons 1 hostile demon
  3866 | D:4      | XOM: divination: detect creatures
  3934 | D:4      | XOM: give mutations
  3934 | D:4      | Gained mutation: You are partially covered in iridescent
                  | scales. (AC +2) [Xom's grace]
  3934 | D:4      | Gained mutation: You possess an exceptional clarity of
                  | mind. [Xom's grace]
  3934 | D:4      | Gained mutation: Your natural rate of healing is unusually
                  | fast. [Xom's grace]
  4061 | D:5      | Entered Level 5 of the Dungeon
  4205 | D:4      | XOM: noise
  4683 | D:5      | Reached skill level 1 in Evocations
  4745 | D:4      | XOM: god gift: scroll of teleportation
  5217 | D:5      | XOM: 1-stop teleportation journey
  5307 | D:5      | XOM: noise
  5419 | D:5      | XOM: noise
  5478 | D:5      | Reached XP level 8. HP: 73/73 MP: 7/7
  5513 | D:5      | XOM: god gift: runed flail {god gift}
  5607 | D:6      | Found a glowing silver altar of Zin.
  6026 | D:6      | XOM: 11-stop teleportation journey
  6083 | D:6      | Found a staircase to the Ecumenical Temple.
  6173 | D:6      | XOM: divination: magic mapping
  6174 | D:6      | Found a white marble altar of Elyvilon.
  6192 | D:6      | XOM: cloud trail
  6481 | D:7      | Found an ancient bone altar of Kikubaaqudgha.
  6576 | D:7      | Reached skill level 10 in Maces & Flails
  6727 | D:7      | XOM: cast spell 'Summon Small Mammal'
  6743 | D:7      | Noticed Duvessa
  6743 | D:7      | Noticed Dowan
  6779 | D:7      | Killed Duvessa
  6788 | D:7      | Killed Dowan
  6931 | D:7      | Found a radiant altar of Vehumet.
  6941 | D:7      | Reached XP level 9. HP: 75/79 MP: 8/8
  7132 | D:7      | Found Uschuwomp's Antique Weapon Emporium.
  7277 | D:7      | Found a hazy altar of Hepliaklqana.
  7381 | D:7      | XOM: confuse monster(s)
  7391 | D:7      | XOM: noise
  7506 | D:7      | XOM: confuse monster(s)
  7714 | D:8      | XOM: enchant monster (bad)
  7789 | D:8      | You are sucked into a shaft and drop 2 floors!
  7789 | D:10     | Entered Level 10 of the Dungeon
  7865 | D:10     | Found a flagged portal.
  7869 | D:10     | XOM: chaos upgrade
  7881 | Bailey   | Entered a bailey
  7940 | Bailey   | XOM: god gift: 25 gold pieces
  8204 | Bailey   | XOM: enchant monster (bad)
  8214 | Bailey   | XOM: divination: detect items
  8664 | D:8      | Noticed Psyche
  8671 | D:8      | Killed Psyche
  8737 | D:8      | XOM: 1-stop teleportation journey
  8805 | D:8      | XOM: chaos upgrade
  8851 | D:8      | XOM: summons 1 hostile demon
  8893 | D:8      | Noticed Joseph
  8893 | D:8      | XOM: 4-stop teleportation journey
  8900 | D:8      | XOM: chaos upgrade
  8910 | D:8      | Killed Joseph
  8911 | D:8      | Reached XP level 10. HP: 20/93 MP: 9/9
  9214 | D:8      | Found a shadowy altar of Dithmenos.
  9220 | D:8      | Found a hide-covered altar of Uskayaw.
  9228 | D:8      | Found an opulent altar of Gozag.
  9284 | D:9      | XOM: potion effect (heal wounds)
  9456 | D:9      | XOM: summons 2 friendly demons
  9471 | D:9      | Reached skill level 10 in Fighting
  9548 | D:9      | XOM: noise
  9566 | D:9      | Reached skill level 5 in Ranged Weapons
  9568 | D:9      | XOM: summons 6 friendly demons
  9605 | D:9      | XOM: summons friendly ufetubus
  9699 | D:9      | XOM: polymorph ufetubus -> quasit
  9782 | D:9      | XOM: summons 6 friendly demons
  9812 | D:9      | XOM: destruction
 10226 | D:9      | Found an iron altar of Okawaru.
 10351 | D:9      | XOM: confuse monster(s)
 10378 | D:9      | XOM: give mutations
 10378 | D:9      | Gained mutation: You are dopey. (Int -2) [Xom's mischief]
 10378 | D:9      | Lost mutation: You have large cloven feet. [Xom's mischief]
 10378 | D:9      | Gained mutation: You have sharp toenails. [Xom's mischief]
 10378 | D:9      | Gained mutation: You are weak. (Str -2) [Xom's mischief]
 10647 | D:10     | Noticed a two-headed ogre
 10651 | D:10     | Killed a two-headed ogre
 10652 | D:10     | Reached skill level 5 in Dodging
 10669 | D:10     | Found a portal to a secret trove of treasure.
 10720 | Trove    | Entered a treasure trove
 10725 | Trove    | Identified the +7 arbalest of Nettud {penet, *Corrode rF+
                  | rN+}
 10739 | Trove    | Identified the +6 longbow of Otenaosi {heavy, Fly Stlth+}
 11002 | D:10     | Found a staircase to the Lair.
 11002 | D:10     | XOM: scenery: create altars
 11076 | D:10     | XOM: summons 6 hostile demons
 11122 | D:10     | XOM: scenery: 1 doors open, 1 doors close
 11134 | D:10     | Reached XP level 11. HP: 95/99 MP: 10/10
 11137 | D:10     | XOM: summons 9 friendly demons
 11159 | D:10     | Reached skill level 10 in Armour
 11172 | D:10     | XOM: give mutation
 11172 | D:10     | Gained mutation: You have razor-sharp toenails. [Xom's
                  | grace]
 11389 | D:10     | XOM: cast spell 'Summon Horrible Things'
 11578 | D:11     | Found a staircase to the Orcish Mines.
 11589 | D:11     | XOM: blink monster(s)
 11602 | D:11     | XOM: noise
 11626 | D:11     | XOM: smoke on damage
 11799 | D:11     | Noticed a two-headed ogre
 11881 | D:11     | Noticed a two-headed ogre
 11900 | D:11     | Killed a two-headed ogre
 12038 | D:11     | Noticed a two-headed ogre
 12043 | D:11     | XOM: 2-stop teleportation journey
 12045 | D:11     | XOM: 2-stop teleportation journey
 12049 | D:11     | XOM: enchant monster (bad)
 12053 | D:11     | Killed a two-headed ogre
 12159 | D:11     | XOM: repel stairs
 12465 | Lair:1   | Entered Level 1 of the Lair of Beasts
 12578 | Lair:1   | XOM: repel stairs
 12622 | Lair:1   | XOM: 8-stop teleportation journey
 12775 | Lair:1   | Identified the +1 flail of Demand {flame, rC++}
 12972 | Lair:1   | XOM: summons 3 hostile shadow creatures
 12973 | Lair:1   | Noticed a boulder beetle
 13003 | Lair:2   | Noticed a skyshark
 13250 | Lair:2   | Killed a skyshark
 13323 | Lair:2   | Reached XP level 12. HP: 106/106 MP: 11/11
 13334 | Lair:2   | XOM: confuse monster(s)
 13419 | Lair:2   | XOM: cleaving
 13421 | Lair:2   | XOM: noise
 13422 | Lair:2   | XOM: swap monsters
 13443 | Lair:2   | Found a staircase to the Shoals.
 13446 | Lair:2   | Found a gate leading to a gauntlet.
 13455 | Gauntlet | Entered a Gauntlet
 13455 | Gauntlet | Found a large runed translucent door.
 13455 | Gauntlet | Found a large runed translucent door.
 13455 | Gauntlet | Found a large runed translucent door.
 13455 | Gauntlet | Found a large runed translucent door.
 13455 | Gauntlet | Found a runed translucent door.
 13455 | Gauntlet | Found a large runed translucent door.
 13455 | Gauntlet | Found a large runed translucent door.
 13455 | Gauntlet | Found a transporter.
 13455 | Gauntlet | Found a transporter.
 13455 | Gauntlet | Found a large runed translucent door.
 13455 | Gauntlet | Found a large runed translucent door.
 13455 | Gauntlet | Found a runed translucent gate.
 13455 | Gauntlet | Found a runed translucent gate.
 13455 | Gauntlet | Found a transporter.
 13471 | Gauntlet | Found a transporter.
 13475 | Gauntlet | Found a transporter.
 13485 | Gauntlet | Found a transporter.
 13489 | Gauntlet | Found a transporter.
 13501 | Gauntlet | Found a transporter.
 13521 | Gauntlet | Found a transporter.
 13528 | Gauntlet | Found a transporter.
 13530 | Gauntlet | Found a transporter.
 13540 | Gauntlet | Found a transporter.
 13546 | Gauntlet | Found a runed translucent gate.
 13548 | Gauntlet | Found a large runed translucent door.
 13550 | Gauntlet | Found a runed translucent door.
 13561 | Gauntlet | Found a large runed translucent door.
 13561 | Gauntlet | Found a large runed translucent door.
 13561 | Gauntlet | Found a large runed translucent door.
 13562 | Gauntlet | Found a large runed translucent door.
 13562 | Gauntlet | Found a large runed translucent door.
 13563 | Gauntlet | Found a large runed translucent door.
 13563 | Gauntlet | Found a large runed translucent door.
 13781 | Gauntlet | XOM: summons 12 friendly demons
 13796 | Gauntlet | Reached skill level 15 in Armour
 13897 | Gauntlet | Identified the +10 spear of Qeheniuj {drain, rC+}
 13900 | Gauntlet | Identified the +2 hat "Zerow Ivab" {Str+3}
 14043 | Gauntlet | XOM: divination: detect creatures
 14057 | Gauntlet | Gained mutation: You are frail. (-10% HP) [a neqoxec]
 14112 | Gauntlet | Noticed a minotaur
 14135 | Gauntlet | Killed a minotaur
 14178 | Gauntlet | Identified a scroll of acquirement
 14178 | Gauntlet | Acquired the ring "Nazo" {rF+ rC++ AC+4}
 14269 | Lair:2   | XOM: noise
 14376 | Lair:2   | Found a staircase to the Snake Pit.
 14720 | Lair:2   | XOM: give mutations
 14720 | Lair:2   | Lost mutation: Your natural rate of healing is unusually
                  | fast. [Xom's mischief]
 14720 | Lair:2   | Lost mutation: You are frail. (-10% HP) [Xom's mischief]
 14951 | Lair:3   | XOM: potion effect (might)
 15176 | D:6      | XOM: god gift: stone
 15256 | D:2      | Bought a transparent cloak for 228 gold pieces
 15256 | D:2      | Identified the +0 cloak "Tuir" {*Corrode *Slow rElec rPois}
                  | (You bought it in a shop on level 2 of the Dungeon)
 15276 | D:2      | Bought a polished scale mail for 153 gold pieces
 15276 | D:2      | Identified the +3 scale mail "Hereass" {Int+3 Stlth+} (You
                  | bought it in a shop on level 2 of the Dungeon)
 15353 | D:2      | Bought a scorched war axe for 229 gold pieces
 15353 | D:2      | Identified the +6 war axe "Iczeyw" {heavy, Will- Int+3
                  | SInv} (You bought it in a shop on level 2 of the Dungeon)
 15717 | Lair:3   | XOM: silly message
 16255 | Lair:3   | XOM: scenery: create altars
 16565 | Lair:4   | XOM: silly message
 17003 | Lair:5   | Entered Level 5 of the Lair of Beasts
 17014 | Lair:5   | Reached XP level 13. HP: 116/118 MP: 12/12
 17020 | Lair:4   | XOM: silly message
 17106 | Lair:4   | XOM: destruction
 17119 | Lair:4   | XOM: noise
 17197 | Lair:5   | XOM: blink monster(s)
 17219 | Lair:5   | XOM: confuse monster(s)
 17287 | Lair:5   | Reached skill level 10 in Dodging
 17317 | Lair:5   | XOM: polymorph torpor snail -> orb spider
 17334 | Lair:5   | XOM: noise
 17343 | Lair:5   | XOM: cast spell 'Dispersal'
 17356 | Lair:5   | XOM: potion effect (brilliance)
 17382 | Lair:4   | XOM: enchant monster (good)
 17482 | Lair:5   | Reached skill level 1 in Stealth
 17623 | Lair:5   | Found a staircase to the Slime Pits.
 17627 | Lair:5   | XOM: cast spell 'Summon Mana Viper'
 17736 | Lair:5   | XOM: summons 2 friendly demons
 17760 | Lair:5   | XOM: enchant monster (good)
 17762 | Lair:5   | XOM: confuse monster(s)
 17766 | Lair:5   | XOM: summons 11 friendly demons
 17770 | Lair:5   | XOM: noise
 17796 | Lair:5   | XOM: divine lightning
 17910 | Lair:5   | Found a runed translucent door.
 17911 | Lair:5   | Noticed a fire dragon
 17982 | Lair:5   | XOM: scenery: create altars
 18022 | Lair:5   | XOM: polymorph lindwurm -> wind drake
 18140 | Lair:5   | XOM: fog
 18143 | Lair:5   | XOM: give mutations
 18143 | Lair:5   | Gained mutation: You passively dampen the noise of your
                  | surroundings. [Xom's grace]
 18143 | Lair:5   | Gained mutation: You are robust. (+10% HP) [Xom's grace]
 18143 | Lair:5   | Gained mutation: You are mostly covered in iridescent
                  | scales. (AC +4) [Xom's grace]
 18145 | Lair:5   | XOM: god gift: scroll of enchant weapon
 18179 | Lair:5   | XOM: 4-stop teleportation journey
 18323 | Lair:5   | XOM: summons 7 hostile demons
 18349 | Lair:5   | XOM: summons friendly white imp
 18357 | Lair:5   | XOM: summons friendly ufetubus
 18431 | Lair:5   | XOM: scenery: summon butterflies
 18529 | Lair:5   | XOM: smoke on damage
 18658 | Lair:5   | Reached XP level 14. HP: 146/146 MP: 13/13
 18665 | Lair:5   | XOM: divination: detect items
 18670 | Lair:5   | XOM: confuse monster(s)
 18730 | Lair:5   | XOM: give mutations
 18730 | Lair:5   | Lost mutation: You are dopey. (Int -2) [Xom's mischief]
 18730 | Lair:5   | Gained mutation: You expend magic power (3 MP) to
                  | strengthen your wands. [Xom's mischief]
 18776 | Lair:5   | Reached skill level 15 in Fighting
 18817 | Lair:5   | Identified the +7 war axe of the Cup {heavy, rC+}
 18976 | Lair:5   | XOM: divination: detect creatures
 19281 | Orc:1    | Entered Level 1 of the Orcish Mines
 19355 | Orc:1    | Noticed an orc warlord
 19361 | Orc:1    | XOM: chaos upgrade
 19370 | Orc:1    | XOM: 8-stop teleportation journey
 19456 | Orc:1    | an orc warlord changed into an iron troll
 19456 | Orc:1    | XOM: polymorph orc warlord -> iron troll
 19575 | Orc:1    | XOM: god gift: 55 gold pieces
 19641 | Orc:1    | Found a runed translucent gate.
 19641 | Orc:1    | Found a runed translucent gate.
 19642 | Orc:1    | Found a runed translucent gate.
 19643 | Orc:1    | Found an opulent altar of Gozag.
 19645 | Orc:1    | Noticed Thargor's ghost (journeyman MiFi)
 19649 | Orc:1    | Found Daaloidaest's Assorted Antiques.
 19745 | Orc:2    | Entered Level 2 of the Orcish Mines
 19746 | Orc:2    | XOM: summons friendly iron imp
 19758 | Orc:2    | XOM: summons friendly ufetubus
 20062 | Orc:2    | Found Keupas's Armour Boutique.
 20119 | Orc:2    | XOM: give mutations
 20119 | Orc:2    | Gained mutation: Your flesh is heat resistant. (rF+) [Xom's
                  | grace]
 20119 | Orc:2    | Lost mutation: Your spells are a little easier to cast, but
                  | a little less powerful. [Xom's grace]
 20119 | Orc:2    | Gained mutation: You are somewhat resistant to further
                  | mutation. [Xom's grace]
 20119 | Orc:2    | Gained mutation: You passively map a small area around you.
                  | [Xom's grace]
 20169 | Orc:2    | Noticed an orc warlord
 20496 | Orc:2    | XOM: silly message
 20524 | Orc:2    | Killed an orc warlord
 20620 | Orc:2    | Reached skill level 15 in Maces & Flails
 20768 | Orc:2    | XOM: give mutations
 20768 | Orc:2    | Lost mutation: You are mostly covered in iridescent scales.
                  | (AC +4) [Xom's mischief]
 20768 | Orc:2    | Gained mutation: You have a somewhat thin skeletal
                  | structure. (Dex +2, Stealth+) [Xom's mischief]
 20807 | Orc:2    | Found Piridoxa's Armour Boutique.
 20924 | Orc:2    | Found Adghocepp's Antique Weapon Shoppe.
 20935 | Orc:2    | Found Xil Ymiq's Antique Armour Emporium.
 20981 | Orc:2    | Bought a glowing morningstar for 217 gold pieces
 21045 | Orc:2    | Found Geoloppe's Antique Armour Boutique.
 21168 | Orc:2    | Found a staircase to the Elven Halls.
 21168 | Orc:2    | Found a burning altar of Makhleb.
 21180 | Orc:2    | XOM: stat loss: -1 Str (27/28)
 21290 | Orc:2    | Bought the +3 pair of seven-league boots {Rampage+∞} for
                  | 1520 gold pieces
 21290 | Orc:2    | Found the +3 pair of seven-league boots {Rampage+∞}
 21494 | D:12     | XOM: chaos upgrade
 21530 | D:12     | XOM: give mutations
 21530 | D:12     | Lost mutation: You expend magic power (3 MP) to strengthen
                  | your wands. [Xom's mischief]
 21530 | D:12     | Lost mutation: You have razor-sharp toenails. [Xom's
                  | mischief]
 21530 | D:12     | Lost mutation: You have sharp toenails. [Xom's mischief]
 21530 | D:12     | Gained mutation: You have large cloven feet. [Xom's
                  | mischief]
 21530 | D:12     | Lost mutation: You are robust. (+10% HP) [Xom's mischief]
 21530 | D:12     | Gained mutation: You have a pair of large horns on your
                  | head. [Xom's mischief]
 21573 | D:12     | Reached skill level 5 in Evocations
 21581 | D:12     | Noticed a sphinx
 21583 | D:12     | Killed a sphinx
 21598 | D:12     | XOM: polymorph troll -> shapeshifter
 21607 | D:12     | XOM: 1-stop teleportation journey
 21611 | D:12     | XOM: enchant monster (bad)
 21720 | D:12     | XOM: 3-stop teleportation journey
 21722 | D:12     | XOM: stat loss: -1 Dex (12/13)
 21747 | D:12     | Gained mutation: You are occasionally teleported next to
                  | monsters. [a shining eye]
 21819 | D:12     | XOM: chaos upgrade
 21857 | D:12     | XOM: god gift: +2 quarterstaff of chaos
 21862 | D:12     | XOM: summons 7 friendly demons
 21880 | D:12     | XOM: summons 3 hostile shadow creatures
 22045 | D:12     | Reached XP level 15. HP: 97/140 MP: 14/14
 22098 | D:12     | XOM: give mutations
 22098 | D:12     | Gained mutation: You have sharp fingernails. [Xom's grace]
 22098 | D:12     | Gained mutation: You are mostly covered in iridescent
                  | scales. (AC +4) [Xom's grace]
 22109 | D:12     | XOM: confuse monster(s)
 22119 | D:12     | XOM: give mutations
 22119 | D:12     | Lost mutation: You are weak. (Str -2) [Xom's grace]
 22119 | D:12     | Gained mutation: Your flesh is cold resistant. (rC+) [Xom's
                  | grace]
 22119 | D:12     | Gained mutation: You have hoof-like feet. [Xom's grace]
 22119 | D:12     | Gained mutation: You expend magic power (3 MP) to
                  | strengthen your wands. [Xom's grace]
 22149 | D:12     | XOM: divination: detect items
 22153 | D:12     | XOM: summons 4 hostile shadow creatures
 22258 | D:12     | XOM: potion effect (curing)
 22348 | D:12     | XOM: divination: detect creatures
 22578 | D:12     | XOM: cast spell 'Call Canine Familiar'
 23081 | D:13     | Found a stormy altar of Qazlal.
 23094 | D:13     | XOM: smoke on damage
 23142 | D:13     | Noticed Jorgrun
 23148 | D:12     | XOM: cast spell 'Cause Fear'
 23156 | D:12     | Killed Jorgrun
 23221 | D:13     | Noticed Sonja
 23226 | D:13     | Killed Sonja
 23331 | D:13     | Identified the ring "Wuhi" {Contam rC+ Str+7}
 23599 | D:13     | XOM: noise
 23616 | D:13     | XOM: divination: magic mapping
 23635 | D:13     | Found a gate to the Vaults.
 23711 | D:13     | XOM: divination: detect items
 23886 | D:14     | XOM: noise
 23886 | D:14     | Noticed Josephine
 23896 | D:13     | XOM: swap monsters
 23929 | D:13     | XOM: silly message
 24008 | D:14     | Killed Josephine
 24478 | D:14     | Reached skill level 1 in Shields
 24564 | D:14     | XOM: summons friendly quasit
 24571 | D:14     | Reached skill level 2 in Shields
 24642 | D:14     | XOM: summons 2 friendly demons
 24644 | D:14     | Reached skill level 3 in Shields
 24654 | D:14     | Reached skill level 4 in Shields
 24691 | D:14     | Found a shimmering blue altar of Sif Muna.
 24802 | D:15     | Entered Level 15 of the Dungeon
 24816 | D:14     | Reached skill level 5 in Shields
 24853 | D:15     | XOM: summons friendly quasit
 24891 | D:15     | XOM: scenery: summon butterflies
 24940 | D:15     | Reached skill level 6 in Shields
 24990 | D:15     | XOM: 3-stop teleportation journey
 25064 | D:15     | Reached skill level 7 in Shields
 25204 | D:15     | XOM: confuse monster(s)
 25211 | D:15     | XOM: destruction
 25213 | D:15     | XOM: 3-stop teleportation journey
 25269 | D:15     | XOM: enchant monster (good)
 25314 | D:15     | Reached skill level 8 in Shields
 25425 | D:15     | XOM: summons friendly ufetubus
 25439 | D:15     | XOM: divination: detect creatures
 25521 | D:15     | XOM: summons friendly shadow imp
 25556 | D:15     | Reached skill level 9 in Shields
 25734 | D:15     | Found a staircase to the Depths.
 25836 | D:15     | XOM: 1-stop teleportation journey
 25987 | D:15     | Found a broken altar of Ashenzari.
 26068 | D:15     | Reached skill level 10 in Shields
 26368 | Snake:1  | Entered Level 1 of the Snake Pit
 26396 | Lair:2   | Reached XP level 16. HP: 88/149 MP: 5/15
 26467 | Lair:2   | XOM: god gift: javelin
 26597 | Snake:1  | XOM: enchant monster (good)
 26617 | Snake:1  | Reached skill level 11 in Shields
 26636 | Snake:1  | XOM: chaos upgrade
 26650 | Snake:1  | XOM: confuse monster(s)
 26654 | Snake:1  | XOM: divination: detect creatures
 26935 | Snake:1  | XOM: stat loss: -1 Int (8/9)
 26941 | Snake:1  | Reached skill level 12 in Shields
 26992 | Snake:1  | XOM: swap monsters
 27427 | Snake:2  | XOM: cast spell 'Summon Horrible Things'
 27475 | Snake:2  | XOM: fog
 27480 | Snake:2  | XOM: summons friendly crimson imp
 27512 | Snake:2  | XOM: smoke on damage
 27513 | Snake:2  | XOM: 2-stop teleportation journey
 27550 | Snake:2  | XOM: fake destruction
 27572 | Snake:2  | XOM: confuse monster(s)
 27578 | Snake:2  | Reached skill level 13 in Shields
 27638 | Snake:2  | Noticed Vashnia
 27645 | Snake:2  | Vashnia changed into Vashnia the stone giant
 27645 | Snake:2  | Noticed Vashnia
 27645 | Snake:2  | XOM: polymorph Vashnia -> Vashnia the stone giant
 27652 | Snake:2  | XOM: scenery: summon butterflies
 27655 | Snake:2  | XOM: god gift: potion of haste
 27664 | Snake:1  | Killed Vashnia the stone giant
 27692 | Snake:2  | XOM: polymorph naga sharpshooter -> torpor snail
 27703 | Snake:2  | XOM: polymorph naga sharpshooter -> eye of devastation
 27705 | Snake:2  | XOM: 1-stop teleportation journey
 27925 | Snake:2  | Reached skill level 14 in Shields
 28031 | Snake:2  | XOM: summons friendly quasit
 28602 | Snake:2  | Found a runed translucent gate.
 28602 | Snake:2  | Found a runed translucent gate.
 28604 | Snake:2  | Found a runed translucent gate.
 28605 | Snake:2  | Noticed Olga's ghost (journeyman DrMo)
 28902 | Snake:3  | XOM: enchant monster (good)
 28930 | Snake:3  | Reached skill level 15 in Shields
 28933 | Snake:3  | XOM: enchant monster (bad)
 28943 | Snake:3  | Noticed Mara
 28983 | Snake:3  | XOM: summons 2 friendly demons
 28989 | Snake:3  | Noticed confidenceinterval's illusion
 28992 | Snake:3  | XOM: summons 6 friendly demons
 29172 | Snake:3  | XOM: potion effect (invisibility)
 29173 | Snake:3  | XOM: enchant monster (good)
 29281 | Snake:3  | Noticed Roxanne
 29286 | Snake:3  | XOM: summons friendly iron imp
 29354 | Snake:3  | Noticed confidenceinterval's illusion
 29366 | Snake:3  | XOM: scenery: summon butterflies
 29382 | Snake:3  | Killed Mara
 29466 | Snake:3  | XOM: god gift: ring of see invisible
 29803 | Snake:3  | XOM: cast spell 'Summon Dragon'
 29853 | Snake:3  | Reached skill level 16 in Shields
 30066 | Snake:4  | Entered Level 4 of the Snake Pit
 30066 | Snake:4  | XOM: enchant monster (good)
 30091 | Snake:4  | XOM: noise
 30104 | Snake:4  | XOM: destruction
 30372 | Snake:3  | XOM: give mutation
 30372 | Snake:3  | Gained mutation: You are robust. (+10% HP) [Xom's grace]
 30402 | Snake:4  | Reached XP level 17. HP: 157/173 MP: 5/16
 30421 | Snake:4  | Found Olal's Self-Improvement Boutique.
 30532 | Snake:4  | Noticed a quicksilver dragon
 30532 | Snake:4  | Noticed a quicksilver dragon
 30539 | Snake:4  | XOM: potion effect (heal wounds)
 30590 | Snake:4  | Found Cin Geca's Antique Armour Shop.
 30596 | Snake:4  | XOM: scenery: create altars
 30596 | Snake:4  | XOM: smoke on damage
 30620 | Snake:4  | XOM: polymorph naga warrior -> mana viper
 30668 | Snake:4  | XOM: polymorph naga mage -> basilisk
 30672 | Snake:4  | XOM: fog
 30723 | Snake:4  | Killed a quicksilver dragon
 30781 | Snake:4  | XOM: fog
 30787 | Snake:4  | Noticed Aizul
 30796 | Snake:4  | XOM: smoke on damage
 30801 | Snake:4  | XOM: chaos upgrade
 30810 | Snake:4  | Killed Aizul
 30830 | Snake:4  | XOM: noise
 30832 | Snake:4  | XOM: stat loss: -1 Str (30/31)
 30906 | Snake:4  | XOM: noise
 30912 | Snake:4  | XOM: blink monster(s)
 30922 | Snake:4  | a quicksilver dragon changed into a frost giant
 30922 | Snake:4  | XOM: polymorph quicksilver dragon -> frost giant
 30954 | Snake:4  | XOM: polymorph nagaraja -> alligator snapping turtle
 30975 | Snake:3  | HP: 5/177 [shock serpent/bolt of electricity (16)]
 30998 | Snake:3  | XOM: silly message
 31306 | Snake:4  | XOM: cast spell 'Olgreb's Toxic Radiance'
 31673 | Snake:4  | XOM: potion effect (haste)
 31737 | Snake:4  | XOM: confuse monster(s)
 31740 | Snake:4  | XOM: potion effect (berserk rage)
 31747 | Snake:4  | XOM: noise
 31751 | Snake:4  | XOM: noise
 31758 | Snake:4  | XOM: confuse monster(s)
 31879 | Snake:4  | XOM: 4-stop teleportation journey
 31923 | Snake:4  | XOM: summons 13 friendly demons
 31947 | Snake:4  | XOM: cast spell 'Death Channel'
 31958 | Snake:4  | XOM: summons 4 friendly demons
 31962 | Snake:4  | XOM: god gift: cloak {god gift}
 32049 | Snake:4  | XOM: noise
 32067 | Snake:4  | XOM: divination: magic mapping
 32228 | Snake:4  | Got a serpentine rune of Zot
 32313 | Snake:4  | XOM: potion effect (curing)
 32314 | Snake:4  | Reached skill level 10 in Evocations
 32330 | Snake:4  | XOM: confuse monster(s)
 32542 | Shoals:1 | Entered Level 1 of the Shoals
 32681 | Shoals:1 | XOM: cast spell 'Cause Fear'
 32718 | Shoals:1 | Identified the +6 leather armour of the Cartwright {Int+4}
 32724 | Shoals:1 | Found Jewkuc's General Store.
 32937 | Shoals:2 | Noticed Polyphemus
 32941 | Shoals:2 | XOM: blink monster(s)
 33087 | Shoals:2 | Noticed Kirke
 33087 | Shoals:2 | Found a transporter.
 33089 | Shoals:2 | XOM: enchant monster (bad)
 33097 | Shoals:2 | XOM: 1-stop teleportation journey
 33121 | Shoals:2 | XOM: potion effect (might)
 33142 | Shoals:2 | Found a transporter.
 33142 | Shoals:2 | Noticed Ilsuiw
 33143 | Shoals:2 | XOM: smoke on damage
 33145 | Shoals:2 | Found a transporter.
 33162 | Shoals:2 | XOM: confuse monster(s)
 33167 | Shoals:2 | XOM: summons 6 friendly demons
 33170 | Shoals:2 | Found a transporter.
 33170 | Shoals:2 | Found a transporter.
 33205 | Shoals:2 | Killed Ilsuiw
 33234 | Shoals:2 | XOM: enchant monster (good)
 33239 | Shoals:2 | XOM: enchant monster (good)
 33242 | Shoals:2 | XOM: cast spell 'Summon Small Mammal'
 33346 | Shoals:2 | XOM: potion effect (might)
 33360 | Shoals:2 | Reached skill level 17 in Shields
 33394 | Shoals:2 | You fall into a shaft and drop 1 floor!
 33395 | Shoals:3 | Noticed ciphuk's ghost (adept FeSh)
 33483 | Shoals:2 | Found a transporter.
 33572 | Shoals:2 | XOM: cast spell 'Leda's Liquefaction'
 33578 | Shoals:2 | Killed Polyphemus
 33579 | Shoals:2 | Reached XP level 18. HP: 147/189 MP: 17/17
 33924 | Shoals:2 | XOM: noise
 33964 | Shoals:2 | Killed Kirke
 34207 | Shoals:1 | Bought a scroll of enchant armour for 90 gold pieces
 34392 | Shoals:3 | Found a runed translucent door.
 34395 | Shoals:3 | XOM: chaos cloud
 34416 | Shoals:3 | XOM: enchant monster (bad)
 34433 | Shoals:3 | XOM: blink monster(s)
 34481 | Shoals:2 | XOM: give mutation
 34481 | Shoals:2 | Lost mutation: You are somewhat resistant to further
                  | mutation. [Xom's mischief]
 34630 | Shoals:3 | XOM: polymorph merfolk impaler -> goliath frog
 34635 | Shoals:3 | Reached skill level 18 in Shields
 34910 | Shoals:3 | XOM: give mutations
 34910 | Shoals:3 | Lost mutation: You have hoof-like feet. [Xom's mischief]
 34910 | Shoals:3 | Lost mutation: You are occasionally teleported next to
                  | monsters. [Xom's mischief]
 35064 | Shoals:3 | XOM: polymorph merfolk javelineer -> quicksilver ooze
 35373 | Shoals:2 | XOM: give mutations
 35373 | Shoals:2 | Lost mutation: You possess an exceptional clarity of mind.
                  | [Xom's mischief]
 35373 | Shoals:2 | Lost mutation: You expend magic power (3 MP) to strengthen
                  | your wands. [Xom's mischief]
 35373 | Shoals:2 | Gained mutation: You are strong-willed. (Will+) [Xom's
                  | mischief]
 35373 | Shoals:2 | Lost mutation: You have large cloven feet. [Xom's mischief]
 35387 | Shoals:3 | XOM: noise
 35641 | Shoals:3 | Identified the +4 rapier of the Mind {antimagic, rN+++
                  | Will- Stlth+}
 35884 | Shoals:3 | XOM: give mutation
 35884 | Shoals:3 | Lost mutation: You have sharp fingernails. [Xom's mischief]
 35916 | Shoals:4 | Entered Level 4 of the Shoals
 35990 | Shoals:4 | Paralysed by an air elemental for 1 turns
 35994 | Shoals:4 | Paralysed by an air elemental for 1 turns
 36029 | Shoals:4 | XOM: 1-stop teleportation journey
 36054 | Shoals:4 | XOM: blink monster(s)
 36067 | Shoals:4 | Got Sif Muna's Lessons on Crystalline Angles
 36133 | Shoals:4 | XOM: 2-stop teleportation journey
 36168 | Shoals:4 | XOM: summons friendly white imp
 36177 | Shoals:4 | Paralysed by an air elemental for 1 turns
 36182 | Shoals:4 | Paralysed by an air elemental for 1 turns
 36188 | Shoals:4 | XOM: destruction
 36223 | Shoals:4 | XOM: 3-stop teleportation journey
 36246 | Shoals:4 | Paralysed by an air elemental for 1 turns
 36249 | Shoals:4 | Paralysed by an air elemental for 1 turns
 36257 | Shoals:4 | XOM: polymorph merfolk impaler -> ice dragon
 36258 | Shoals:4 | Paralysed by an air elemental for 1 turns
 36265 | Shoals:4 | XOM: summons friendly quasit
 36276 | Shoals:4 | HP: 1/189 [titan/the air (17)]
 36279 | Shoals:4 | XOM: scenery: summon butterflies
 36440 | Shoals:4 | Paralysed by an air elemental for 1 turns
 36444 | Shoals:4 | Paralysed by an air elemental for 1 turns
 36449 | Shoals:4 | Paralysed by an air elemental for 1 turns
 36453 | Shoals:4 | Paralysed by an air elemental for 1 turns
 36457 | Shoals:4 | Paralysed by an air elemental for 1 turns
 36462 | Shoals:4 | Paralysed by an air elemental for 1 turns
 36617 | Shoals:4 | Identified the ring "Vafeol" {*Corrode rPois rN+ AC+4}
 36730 | Shoals:4 | XOM: enchant monster (good)
 36929 | Shoals:4 | XOM: give mutation
 36929 | Shoals:4 | Lost mutation: You have a pair of large horns on your head.
                  | [Xom's mischief]
 37129 | Shoals:4 | XOM: smoke on damage
 37241 | Shoals:4 | Identified the +2 pair of gloves of Amorality {rPois rF+
                  | Slay+5 SInv}
 37256 | Shoals:4 | Got a barnacled rune of Zot
 37422 | Shoals:4 | XOM: 1-stop teleportation journey
 37567 | Shoals:4 | XOM: silly message
 37577 | Shoals:4 | XOM: destruction
 37581 | Shoals:4 | XOM: confuse monster(s)
 37609 | Shoals:4 | XOM: polymorph merfolk aquamancer -> formless jellyfish
 37944 | Shoals:1 | XOM: give mutations
 37944 | Shoals:1 | Gained mutation: You are agile. (Dex +4, Str/Int -1) [Xom's
                  | grace]
 37944 | Shoals:1 | Gained mutation: You are completely covered in iridescent
                  | scales. (AC +6) [Xom's grace]
 37944 | Shoals:1 | Gained mutation: Your flesh is very cold resistant. (rC++)
                  | [Xom's grace]
 37944 | Shoals:1 | Gained mutation: Your spells are a little harder to cast,
                  | but a little more powerful. [Xom's grace]
 38489 | Orc:2    | Bought the +0 cloak of the Merwolf {rN+++ Regen+ rCorr
                  | Int-4} for 415 gold pieces
 38789 | Snake:1  | XOM: give mutations
 38789 | Snake:1  | Lost mutation: You are completely covered in iridescent
                  | scales. (AC +6) [Xom's mischief]
 38789 | Snake:1  | Lost mutation: You are agile. (Dex +4, Str/Int -1) [Xom's
                  | mischief]
 38789 | Snake:1  | Lost mutation: You are mostly covered in iridescent scales.
                  | (AC +4) [Xom's mischief]
 38789 | Snake:1  | Lost mutation: You are strong-willed. (Will+) [Xom's
                  | mischief]
 38873 | D:11     | XOM: scenery: 3 doors close
 38874 | D:11     | XOM: noise
 38895 | Orc:1    | XOM: stat loss: -1 Str (33/34)
 38943 | Elf:1    | Entered Level 1 of the Elven Halls
 38983 | Elf:1    | XOM: stat loss: -1 Int (4/5)
 38990 | Elf:1    | Noticed Asterion
 38999 | Elf:1    | XOM: swap monsters
 39009 | Elf:1    | Killed Asterion
 39100 | Elf:1    | XOM: silly message
 39159 | Elf:1    | Found a runed translucent door.
 39161 | Elf:1    | Noticed Peptixtoax's ghost (adept TeAE)
 39189 | Elf:1    | XOM: silly message
 39526 | Elf:1    | XOM: blink monster(s)
 39527 | Elf:1    | XOM: polymorph deep elf archer -> anaconda
 39551 | Elf:1    | XOM: confusion
 39571 | Elf:1    | XOM: summons friendly white imp
 39575 | Elf:1    | XOM: smoke on damage
 39587 | Elf:1    | XOM: summons 6 friendly demons
 39607 | Elf:1    | Reached skill level 15 in Dodging
 39831 | Elf:1    | Found a runed translucent gate.
 39831 | Elf:1    | Found a runed translucent gate.
 39831 | Elf:1    | Found a runed translucent gate.
 39831 | Elf:1    | Found a runed translucent gate.
 39831 | Elf:1    | Found a runed translucent gate.
 39833 | Elf:1    | Found a runed translucent gate.
 39978 | Elf:2    | Reached XP level 19. HP: 196/196 MP: 6/18
 40170 | Elf:2    | XOM: divination: magic mapping
 40376 | Elf:2    | XOM: confuse monster(s)
 40462 | Elf:2    | Found a huge runed translucent gate.
 40462 | Elf:2    | Found a huge runed translucent gate.
 40462 | Elf:2    | Found a huge runed translucent gate.
 40462 | Elf:2    | Found a huge runed translucent gate.
 40462 | Elf:2    | Found a huge runed translucent gate.
 40462 | Elf:2    | XOM: 5-stop teleportation journey
 40477 | Elf:2    | XOM: enchant monster (good)
 40685 | Elf:2    | XOM: scenery: summon butterflies
 40688 | Elf:2    | XOM: smoke on damage
 40707 | Elf:2    | XOM: summons friendly quasit
 40850 | Elf:2    | XOM: give mutation
 40850 | Elf:2    | Gained mutation: You are mostly covered in iridescent
                  | scales. (AC +4) [Xom's grace]
 40906 | Elf:2    | XOM: cleaving
 40954 | Elf:2    | XOM: cast spell 'Discord'
 40990 | Elf:2    | XOM: summons 10 hostile demons
 41079 | Elf:2    | Found Enieb's General Store.
 41121 | Elf:2    | Bought a wand of digging (3) for 151 gold pieces
 41127 | Elf:3    | Entered Level 3 of the Elven Halls
 41128 | Elf:3    | Found Olib's Antique Weapon Boutique.
 41152 | Elf:3    | XOM: confuse monster(s)
 41169 | Elf:3    | XOM: silly message
 41243 | Elf:3    | XOM: 2-stop teleportation journey
 41536 | Elf:3    | XOM: give mutations
 41536 | Elf:3    | Lost mutation: Your flesh is very cold resistant. (rC++)
                  | [Xom's mischief]
 41536 | Elf:3    | Lost mutation: You passively dampen the noise of your
                  | surroundings. [Xom's mischief]
 41536 | Elf:3    | Lost mutation: Your flesh is heat resistant. (rF+) [Xom's
                  | mischief]
 41548 | Elf:3    | Identified the +7 great sword "Ypniha" {protect, *Corrode
                  | rElec rF+ Dex+2}
 41581 | Elf:3    | XOM: potion effect (might)
 41608 | Elf:3    | XOM: noise
 41648 | Elf:3    | XOM: torment (131/200 hp)
 41708 | Elf:3    | XOM: give mutation
 41708 | Elf:3    | Lost mutation: You are robust. (+10% HP) [Xom's mischief]
 42163 | Elf:3    | XOM: 4-stop teleportation journey
 42164 | Elf:3    | XOM: polymorph deep elf demonologist -> spark wasp
 42167 | Elf:3    | XOM: destruction
 42180 | Elf:3    | XOM: potion effect (haste)
 42315 | Elf:3    | XOM: chaos upgrade
 42322 | Elf:3    | Identified the +6 dagger "Starlight" {chaos, Str+3 Int+3}
 42349 | Elf:3    | XOM: chaos upgrade
 42359 | Elf:3    | Reached skill level 19 in Shields
 42824 | Orc:2    | XOM: summons 3 hostile shadow creatures
 43239 | Elf:3    | XOM: noise
 43246 | Elf:3    | XOM: chaos upgrade
 43443 | Elf:3    | XOM: silly message
 43489 | Elf:3    | Reached skill level 20 in Shields
 43700 | Elf:3    | Identified the +5 plate armour of Disguise {rF+}
 43723 | Elf:3    | Identified the ring of Ateat {rPois Str+6}
 43736 | Elf:3    | Reached skill level 5 in Stealth
 43736 | Elf:3    | XOM: enchant monster (bad)
 43756 | Elf:3    | XOM: noise
 43890 | Elf:3    | XOM: silly message
 44311 | Elf:3    | Identified the +12 scimitar of Dorchople {heavy, Drain
                  | rElec Dex+2}
 44420 | Elf:3    | Identified the amulet of Heanemag {RegenMP rN+ Stlth+}
 45032 | Elf:3    | Identified the +3 ring mail of Untold Secrets {Rampage
                  | Will+}
 45116 | Elf:3    | XOM: noise
 45296 | Elf:3    | Got the Cyclopedia of Weathered Unspeakable Words
 45374 | Elf:3    | Got the Secrets of the Sixfirhy and the Winter
 45429 | Elf:3    | Got the Octavo of the Storm and Summoning
 45431 | Elf:3    | Got the Writings on Assembled Enchantment
 45924 | D:13     | XOM: give mutations
 45924 | D:13     | Gained mutation: Your movements are slightly less
                  | encumbered by armour. (ER -2) [Xom's grace]
 45924 | D:13     | Gained mutation: You are agile. (Dex +4, Str/Int -1) [Xom's
                  | grace]
 45924 | D:13     | Gained mutation: You are somewhat resistant to further
                  | mutation. [Xom's grace]
 45937 | Vaults:1 | Entered Level 1 of the Vaults
 46051 | Vaults:1 | XOM: cloud trail
 46123 | Vaults:1 | Found a runed translucent door.
 46123 | Vaults:1 | Noticed Simp's ghost (adept GnIE)
 46141 | Vaults:1 | XOM: fake destruction
 46315 | Vaults:1 | XOM: 1-stop teleportation journey
 46368 | Vaults:1 | XOM: give mutations
 46368 | Vaults:1 | Gained mutation: Your mind is acute. (Int +4, Str/Dex -1)
                  | [Xom's grace]
 46368 | Vaults:1 | Gained mutation: You are somewhat resistant to both further
                  | mutation and mutation removal. [Xom's grace]
 46368 | Vaults:1 | Gained mutation: You have a pair of large horns on your
                  | head. [Xom's grace]
 46368 | Vaults:1 | Gained mutation: You are completely covered in iridescent
                  | scales. (AC +6) [Xom's grace]
 46529 | Vaults:1 | XOM: divination: detect creatures
 46533 | Vaults:1 | XOM: enchant monster (good)
 46534 | Vaults:1 | XOM: cast spell 'Summon Hydra'
 46540 | Vaults:1 | Reached XP level 20. HP: 152/191 MP: 19/19
 46549 | Vaults:1 | XOM: summons 2 friendly demons
 46752 | Vaults:1 | XOM: 1-stop teleportation journey
 46794 | Vaults:1 | Reached skill level 10 in Stealth
 47330 | Vaults:2 | XOM: silly message
 47331 | Vaults:2 | XOM: polymorph death knight -> swamp worm
 47336 | Vaults:2 | XOM: confusion (+ monsters)
 47422 | Vaults:2 | XOM: silly message
 47497 | Vaults:2 | XOM: summons 7 friendly demons
 47502 | Vaults:2 | XOM: polymorph white imp -> cerulean imp
 47507 | Vaults:2 | XOM: swap monsters
 47512 | Vaults:2 | XOM: noise
 47615 | Vaults:2 | XOM: noise
 47622 | Vaults:2 | Found a staircase to the Crypt.
 47798 | Vaults:2 | Noticed Margery
 47810 | Vaults:2 | Killed Margery
 47926 | Vaults:2 | XOM: polymorph necromancer -> dream sheep
 47988 | Vaults:2 | XOM: confuse monster(s)
 47995 | Vaults:2 | XOM: cast spell 'Cause Fear'
 48200 | Vaults:2 | Noticed Jory
 48220 | Vaults:2 | Killed Jory
 48234 | Vaults:2 | XOM: god gift: wand of flame (8)
 48472 | Vaults:2 | XOM: give mutations
 48472 | Vaults:2 | Lost mutation: Your spells are a little harder to cast, but
                  | a little more powerful. [Xom's mischief]
 48472 | Vaults:2 | Lost mutation: Your flesh is cold resistant. (rC+) [Xom's
                  | mischief]
 48472 | Vaults:2 | Lost mutation: You are somewhat resistant to both further
                  | mutation and mutation removal. [Xom's mischief]
 48865 | Vaults:3 | XOM: chaos upgrade
 49041 | Vaults:3 | XOM: chaos upgrade
 49042 | Vaults:3 | XOM: 2-stop teleportation journey
 49151 | Vaults:3 | XOM: summons 2 hostile demons
 49297 | Vaults:3 | XOM: scenery: create altars
 49311 | Vaults:3 | XOM: confuse monster(s)
 49393 | Vaults:3 | Reached XP level 21. HP: 181/198 MP: 20/20
 49418 | Vaults:3 | XOM: divination: magic mapping
 49465 | Vaults:3 | XOM: destruction
 49698 | Vaults:3 | XOM: summons friendly iron imp
 50087 | Vaults:4 | XOM: 1-stop teleportation journey
 50147 | Vaults:4 | XOM: noise
 50298 | Vaults:4 | Noticed Donald
 50305 | Vaults:4 | Killed Donald
 50428 | Vaults:4 | Paralysed by a formless jellyfish for 1 turns
 50451 | Vaults:4 | XOM: potion effect (brilliance)
 50453 | Vaults:4 | XOM: cast spell 'Summon Cactus Giant'
 50551 | Vaults:4 | XOM: divination: detect items
 50648 | Vaults:4 | XOM: confuse monster(s)
 50703 | Vaults:4 | Found a runed translucent door.
 50703 | Vaults:4 | Noticed Moesucla's ghost (adept DsGl)
 50772 | Vaults:4 | XOM: fog
 50778 | Vaults:4 | XOM: butterfly on damage
 50851 | Vaults:4 | XOM: scenery: 4 doors close
 50863 | Vaults:3 | XOM: polymorph slime creature -> alligator
 50921 | Vaults:4 | Acquired a +1 eveningstar of protection
 50990 | Vaults:4 | XOM: scenery: 2 doors open, 1 doors close
 51262 | Vaults:5 | Entered Level 5 of the Vaults
 51265 | Vaults:5 | XOM: scenery: summon butterflies
 51283 | Vaults:5 | XOM: cast spell 'Summon Ice Beast'
 51318 | Vaults:5 | XOM: fog
 51323 | Vaults:5 | Identified the +0 robe of the Spider Nest {rN+ Regen+ Str+3
                  | Slay-4}
 51380 | Vaults:5 | XOM: enchant monster (good)
 51384 | Vaults:5 | XOM: summons 5 friendly demons
 51409 | Vaults:5 | XOM: potion effect (brilliance)
 51416 | Vaults:5 | XOM: silly message
 51421 | Vaults:5 | Noticed a dread lich
 51433 | Vaults:5 | XOM: potion effect (invisibility)
 51438 | Vaults:5 | XOM: silly message
 51442 | Vaults:5 | XOM: divination: detect items
 51443 | Vaults:5 | Killed a dread lich
 51443 | Vaults:5 | Identified the +4 robe "Pyghar" {Dex+5}
 51467 | Vaults:5 | XOM: divination: magic mapping
 51472 | Vaults:5 | XOM: confuse monster(s)
 51485 | Vaults:5 | XOM: potion effect (invisibility)
 51490 | Vaults:5 | Identified the ring "Ucsoqei" {rF+ AC+4 Int+4}
 51609 | Vaults:5 | Reached XP level 22. HP: 209/209 MP: 21/21
 51662 | Vaults:5 | Got An Early Guide to Magic
 51690 | Vaults:5 | Got Neilit's Secrets of Earth and Direction
 51696 | Vaults:5 | Identified the +2 leather armour of Failure {Int+3}
 51719 | Vaults:5 | Identified the ring of the Endless Expanse {rN+ Int+2}
 51725 | Vaults:5 | Identified the +8 short sword of Eternal Vigilance {spect,
                  | *Slow rPois rC+ Str+6}
 51734 | Vaults:5 | XOM: silly message
 51752 | Vaults:5 | Noticed a dread lich
 51753 | Vaults:5 | Reached skill level 21 in Shields
 51762 | Vaults:5 | XOM: silly message
 51763 | Vaults:5 | XOM: potion effect (brilliance)
 51765 | Vaults:5 | Paralysed by a dread lich for 2 turns
 51769 | Vaults:5 | Killed a dread lich
 51801 | Vaults:5 | XOM: silly message
 51847 | Vaults:5 | XOM: enchant monster (good)
 51863 | Vaults:5 | XOM: noise
 51909 | Vaults:5 | Reached skill level 22 in Shields
 51967 | Vaults:5 | XOM: enchant monster (good)
 52185 | Vaults:5 | Noticed Xtahua
 52188 | Vaults:5 | XOM: summons 1 hostile demon
 52196 | Vaults:5 | XOM: confuse monster(s)
 52199 | Vaults:5 | XOM: swap monsters
 52201 | Vaults:5 | XOM: divination: magic mapping
 52227 | Vaults:5 | XOM: confuse monster(s)
 52251 | Vaults:5 | Killed Xtahua
 52367 | Vaults:5 | XOM: polymorph yaktaur captain -> ghost moth
 52374 | Vaults:5 | Reached skill level 23 in Shields
 52536 | Vaults:5 | Noticed an ancient lich
 52550 | Vaults:5 | Killed an ancient lich
 52586 | Vaults:5 | Identified the +1 ring mail of Dissos {rElec Str+2 Int+4
                  | SInv}
 52628 | Vaults:5 | XOM: stat loss: -1 Int (7/8)
 52636 | Vaults:5 | Got a silver rune of Zot
 52689 | Vaults:5 | XOM: 1-stop teleportation journey
 52950 | Vaults:5 | Identified the +7 orcbow "Nifomnaf" {antimagic, *Slow Will+
                  | Str+2 SInv}
 52950 | Vaults:5 | Identified the amulet of Kijeosm {Spirit SInv}
 52951 | Vaults:5 | XOM: polymorph ironbound preserver -> storm dragon
 53305 | Vaults:5 | Identified the +10 plate armour of the Breathing Gods {rN+
                  | Str+2}
 53561 | Orc:1    | XOM: potion effect (might)
 53570 | Orc:1    | XOM: polymorph warg -> culicivora
 53572 | Orc:1    | Killed Thargor's ghost
 53624 | Orc:1    | Bought a scroll of teleportation for 87 gold pieces
 53624 | Orc:1    | Bought an encrusted scale mail for 261 gold pieces
 53624 | Orc:1    | Identified the +4 scale mail of the Griffon {rPois rC-
                  | Will++} (You bought it in a shop on level 1 of the Orcish
                  | Mines)
 53818 | Depths:1 | Entered Level 1 of the Depths
 53822 | Depths:1 | XOM: cast spell 'Dispersal'
 53878 | Depths:1 | XOM: polymorph brown very ugly thing -> red very ugly thing
 53880 | Depths:1 | Found a one-way gateway to a ziggurat.
 53894 | Depths:1 | XOM: summons 2 friendly demons
 53897 | Depths:1 | XOM: noise
 53909 | Depths:1 | XOM: enchant monster (good)
 53917 | Depths:1 | XOM: cast spell 'Olgreb's Toxic Radiance'
 53933 | Depths:1 | Reached skill level 24 in Shields
 53993 | Depths:1 | Found an ancient bone altar of Kikubaaqudgha.
 54031 | Depths:1 | Identified the +6 flail of the Endless Expanse {heavy,
                  | Stlth+}
 54089 | Depths:1 | Noticed Sojobo
 54094 | Depths:1 | XOM: divination: detect items
 54114 | Depths:1 | XOM: divination: detect items
 54116 | Depths:1 | Paralysed by an air elemental for 1 turns
 54124 | Depths:1 | Paralysed by an air elemental for 1 turns
 54131 | Depths:1 | XOM: chaos upgrade
 54131 | Depths:1 | Paralysed by an air elemental for 1 turns
 54153 | Depths:1 | XOM: swap monsters
 54154 | Depths:1 | Paralysed by an air elemental for 1 turns
 54157 | Depths:1 | Paralysed by an air elemental for 1 turns
 54163 | Depths:1 | Paralysed by an air elemental for 1 turns
 54166 | Depths:1 | Paralysed by an air elemental for 1 turns
 54170 | Depths:1 | Paralysed by an air elemental for 1 turns
 54173 | Depths:1 | Paralysed by an air elemental for 1 turns
 54202 | D:15     | XOM: god gift: potion of resistance
 54438 | Depths:1 | XOM: god gift: potion of berserk rage
 54448 | Depths:1 | XOM: polymorph ettin -> shapeshifter
 54460 | Depths:1 | XOM: blink monster(s)
 54465 | Depths:1 | XOM: confusion
 54657 | Depths:1 | XOM: give mutations
 54657 | Depths:1 | Lost mutation: Your mind is acute. (Int +4, Str/Dex -1)
                  | [Xom's mischief]
 54657 | Depths:1 | Gained mutation: You are weak. (Str -2) [Xom's mischief]
 54657 | Depths:1 | Gained mutation: You have supernaturally acute eyesight.
                  | (SInv) [Xom's mischief]
 54657 | Depths:1 | Lost mutation: You have supernaturally acute eyesight.
                  | (SInv) [Xom's mischief]
 54660 | Depths:1 | XOM: confuse monster(s)
 54669 | Depths:1 | Reached skill level 25 in Shields
 54682 | Depths:1 | Reached XP level 23. HP: 215/215 MP: 22/22
 54748 | Depths:1 | Killed Sojobo
 54924 | Depths:1 | XOM: noise
 54930 | Depths:1 | XOM: noise
 54986 | Depths:1 | Identified the +0 whip "Newud" {flame, Contam rPois rF+
                  | Int+10}
 55009 | Depths:1 | XOM: give mutations
 55009 | Depths:1 | Lost mutation: You are somewhat resistant to further
                  | mutation. [Xom's mischief]
 55009 | Depths:1 | Lost mutation: You are agile. (Dex +4, Str/Int -1) [Xom's
                  | mischief]
 55009 | Depths:1 | Gained mutation: You passively dampen the noise of your
                  | surroundings. [Xom's mischief]
 55009 | Depths:1 | Lost mutation: Your movements are slightly less encumbered
                  | by armour. (ER -2) [Xom's mischief]
 55161 | Depths:1 | XOM: stat loss: -1 Dex (12/13)
 55178 | Depths:1 | XOM: divination: detect creatures
 55215 | Depths:1 | Found a gateway to Hell.
 55302 | Depths:1 | XOM: give mutations
 55302 | Depths:1 | Lost mutation: You passively map a small area around you.
                  | [Xom's mischief]
 55302 | Depths:1 | Lost mutation: You are completely covered in iridescent
                  | scales. (AC +6) [Xom's mischief]
 55341 | Depths:1 | Found a one-way gate leading to the halls of Pandemonium.
 55560 | Depths:2 | Reached skill level 26 in Shields
 55726 | Depths:2 | XOM: 8-stop teleportation journey
 56017 | Depths:2 | XOM: 3-stop teleportation journey
 56477 | Depths:2 | XOM: 3-stop teleportation journey
 56587 | Depths:2 | Identified the +1 scale mail of the Orcish Mines {rPois}
 56609 | Depths:2 | XOM: silly message
 56703 | Depths:3 | XOM: confuse monster(s)
 56706 | Depths:3 | XOM: god gift: wand of acid (2)
 56759 | Depths:3 | XOM: potion effect (haste)
 56760 | Depths:3 | Noticed the Enchantress
 56812 | Depths:3 | XOM: potion effect (attraction)
 56826 | Depths:2 | XOM: cast spell 'Summon Mana Viper'
 56852 | Depths:2 | Killed the Enchantress
 56947 | Depths:3 | Found Piamp's Magic Scroll Emporium.
 57015 | Depths:3 | Reached skill level 27 in Shields
 57051 | Depths:3 | Found a runed translucent gate.
 57052 | Depths:3 | Found a runed translucent gate.
 57053 | Depths:3 | Found a runed translucent gate.
 57095 | Depths:3 | Noticed a juggernaut
 57109 | Depths:3 | XOM: swap monsters
 57134 | Depths:3 | Killed a juggernaut
 57143 | Depths:3 | XOM: silly message
 57153 | Depths:3 | XOM: torment (141/215 hp)
 57229 | Depths:3 | XOM: summons friendly crimson imp
 57237 | Depths:3 | XOM: 1-stop teleportation journey
 57263 | Depths:3 | Noticed a juggernaut
 57271 | Depths:3 | Killed a juggernaut
 57329 | Depths:3 | XOM: 1-stop teleportation journey
 57348 | Depths:3 | XOM: cast spell 'Disjunction'
 57470 | Depths:3 | Found Epai's Distillery.
 57478 | Depths:3 | Bought a potion of heal wounds for 120 gold pieces
 57478 | Depths:3 | Bought a potion of heal wounds for 120 gold pieces
 57685 | Depths:3 | Noticed a juggernaut
 57696 | Depths:3 | Killed a juggernaut
 57704 | Depths:3 | Found Wowour's Book Emporium.
 57839 | Depths:3 | Found Toibonabb's General Store.
 57861 | Depths:3 | XOM: noise
 58457 | Depths:3 | XOM: god gift: 6 stones
 58540 | Depths:4 | Entered Level 4 of the Depths
 58727 | Depths:4 | XOM: potion effect (attraction)
 58768 | Depths:4 | XOM: 1-stop teleportation journey
 58788 | Depths:4 | Reached XP level 24. HP: 212/223 MP: 22/22
 58829 | Depths:4 | XOM: cast spell 'Summon Cactus Giant'
 58835 | Depths:4 | XOM: cast spell 'Metabolic Englaciation'
 58848 | Depths:4 | XOM: summons friendly ufetubus
 58865 | Depths:4 | XOM: enchant monster (good)
 58867 | Depths:4 | XOM: confuse monster(s)
 58947 | Depths:4 | XOM: 1-stop teleportation journey
 58973 | Depths:4 | XOM: 1-stop teleportation journey
 58977 | Depths:4 | XOM: cast spell 'Dispersal'
 58979 | Depths:4 | XOM: scenery: 1 doors close
 58983 | Depths:4 | XOM: polymorph green draconian monk -> quicksilver dragon
 58994 | Depths:3 | XOM: enchant monster (bad)
 59054 | Depths:4 | Identified the +4 ring mail "Loycez Seun" {+Inv rElec rC+}
 59250 | Depths:4 | Identified the +2 shortbow of Zin's Scorn {heavy, Str+4
                  | Dex+4}
 59363 | Depths:4 | XOM: enchant monster (bad)
 59580 | Depths:4 | XOM: give mutations
 59580 | Depths:4 | Gained mutation: You are resistant to electric shocks.
                  | (rElec) [Xom's mischief]
 59580 | Depths:4 | Lost mutation: You have a somewhat thin skeletal structure.
                  | (Dex +2, Stealth+) [Xom's mischief]
 59622 | Depths:4 | XOM: summons 2 hostile demons
 59638 | Depths:4 | XOM: blink monster(s)
 59655 | Depths:4 | XOM: scenery: summon butterflies
 59677 | Depths:4 | XOM: polymorph green draconian -> alligator
 59755 | Depths:4 | XOM: 1-stop teleportation journey
 60043 | Depths:4 | Identified the ring of the Vendetta {rElec Will+ rCorr
                  | Dex+2 Stlth+}
 60043 | Depths:4 | XOM: enchant monster (good)
 60076 | Depths:4 | XOM: destruction
 60148 | Depths:4 | Identified the amulet "Natiug" {Reflect rC+ rN+ Regen+
                  | SH+5} (Xom gifted it to you on level 4 of the Depths)
 60148 | Depths:4 | XOM: god gift: amulet "Natiug" {Reflect rC+ rN+ Regen+
                  | SH+5}
 60224 | Depths:4 | XOM: potion effect (invisibility)
 60232 | Depths:4 | Found a gate to the Realm of Zot.
 60388 | Depths:4 | XOM: noise
 60558 | Depths:4 | XOM: scenery: 1 doors close
 60584 | Zot:1    | Entered Level 1 of the Realm of Zot
 60661 | Zot:1    | XOM: confuse monster(s)
 61174 | Zot:1    | XOM: enchant monster (good)
 61204 | Zot:1    | XOM: stat loss: -1 Str (31/32)
 61208 | Zot:1    | XOM: divination: magic mapping
 61227 | Zot:1    | XOM: scenery: summon butterflies
 61278 | Zot:1    | XOM: potion effect (brilliance)
 61329 | Zot:1    | XOM: summons 2 friendly demons
 61330 | Zot:1    | XOM: fog
 61607 | Zot:1    | XOM: enchant monster (good)
 61930 | Zot:2    | XOM: scenery: summon butterflies
 62012 | Zot:2    | XOM: potion effect (might)
 62158 | Zot:2    | Noticed a Killer Klown
 62167 | Zot:2    | XOM: scenery: create altars
 62183 | Zot:2    | XOM: scenery: create altars
 62207 | Zot:2    | a Killer Klown changed into a juggernaut
 62207 | Zot:2    | Noticed a juggernaut
 62215 | Zot:2    | XOM: potion effect (might)
 62219 | Zot:2    | Reached XP level 25. HP: 176/243 MP: 22/22
 62241 | Zot:2    | Killed a juggernaut
 62328 | Zot:2    | XOM: cloud trail
 62350 | Zot:2    | XOM: divination: detect creatures
 62351 | Zot:2    | XOM: confuse monster(s)
 62376 | Zot:2    | XOM: enchant monster (bad)
 62541 | Zot:2    | XOM: cloud trail
 62700 | Zot:3    | Found a transporter.
 62702 | Zot:3    | Found the amulet of Vitality {RegenMP++ Regen++}
 62704 | Zot:3    | Found a shimmering blue altar of Sif Muna.
 62711 | Zot:3    | Noticed an ancient lich
 62847 | Zot:3    | Noticed an orb of fire
 62849 | Zot:3    | XOM: divination: magic mapping
 62860 | Zot:3    | XOM: divination: detect creatures
 62863 | Zot:3    | Killed an orb of fire
 62913 | Zot:3    | Noticed a dread lich
 63084 | Zot:3    | XOM: noise
 63106 | Zot:3    | XOM: fog
 63351 | Zot:4    | XOM: divination: detect items
 63362 | Zot:3    | XOM: confuse monster(s)
 63516 | Zot:4    | XOM: scenery: create altars
 63711 | Zot:4    | XOM: give mutations
 63711 | Zot:4    | Gained mutation: You passively map a small area around you.
                  | [Xom's grace]
 63711 | Zot:4    | Gained mutation: Your natural rate of healing is unusually
                  | fast. [Xom's grace]
 63711 | Zot:4    | Gained mutation: You are strong-willed. (Will+) [Xom's
                  | grace]
 63711 | Zot:4    | Lost mutation: You are weak. (Str -2) [Xom's grace]
 63746 | Zot:4    | XOM: 2-stop teleportation journey
 63954 | Zot:4    | XOM: scenery: create altars
 64490 | Zot:4    | XOM: 4-stop teleportation journey
 64510 | Zot:4    | XOM: enchant monster (good)
 64527 | Zot:4    | XOM: scenery: create altars
 64573 | Zot:4    | XOM: chaos cloud
 64579 | Zot:4    | Paralysed by you for 5 turns
 64581 | Zot:4    | XOM: 1-stop teleportation journey
 64606 | Zot:4    | XOM: chaos upgrade
 64609 | Zot:4    | XOM: polymorph yellow draconian -> dire elephant
 64612 | Zot:4    | XOM: smoke on damage
 64615 | Zot:4    | XOM: potion effect (haste)
 64787 | Zot:4    | XOM: noise
 64793 | Zot:4    | XOM: cast spell 'Summon Horrible Things'
 64905 | Zot:4    | XOM: give mutations
 64905 | Zot:4    | Lost mutation: You are strong-willed. (Will+) [Xom's
                  | mischief]
 64905 | Zot:4    | Gained mutation: You passively map the area around you.
                  | [Xom's mischief]
 64908 | Zot:4    | XOM: 1-stop teleportation journey
 65148 | Zot:4    | XOM: blink monster(s)
 65164 | Zot:4    | XOM: potion effect (invisibility)
 65235 | Zot:4    | XOM: potion effect (haste)
 65313 | Zot:4    | XOM: polymorph yellow draconian -> radroach
 65315 | Zot:4    | XOM: give mutations
 65315 | Zot:4    | Lost mutation: You passively map the area around you.
                  | [Xom's mischief]
 65315 | Zot:4    | Gained mutation: Your spells are a little harder to cast,
                  | but a little more powerful. [Xom's mischief]
 65315 | Zot:4    | Gained mutation: Your flesh is heat resistant. (rF+) [Xom's
                  | mischief]
 65361 | Zot:4    | HP: 6/247 [acid blob (29)]
 65361 | Zot:4    | HP: 2/247 [acid (4)]
 65361 | Zot:4    | Slain by a yellow draconian monk

Illustrated notes

Levels and vault maps discovered:
D:1:      dpeg_arrival_rooms_a, layout_rooms
D:2:      layout_basic, serial_shops, nicolae_shop_advertising_works
          [nicolae_subvault_shop_adworks], shop, shop, shop, shop
D:3:      layout_loops_cross, hangedman_ru_absence,
          gammafunk_ghost_abyssal_escape
D:4:      layout_layer_cave, grunt_decor_cap
D:5:      layout_gridville
D:6:      layout_basic, lemuel_doored_altar, mainiacjoe_overflow_alcove_2,
          minmay_temple_entry_sparse_star
D:7:      layout_cave_pods, nzn_hepliaklqana_mist_gate,
          nicolae_vehumet_radiance, mainiacjoe_overflow_chevrons, serial_shops,
          shop, solitary_fountain, uniq_duvessa
D:8:      layout_cave_pools, minmay_overflow_temple_star_quad,
          dk_noncrumbling_4, nrook_campfire, uniq_psyche, uniq_joseph
D:9:      layout_basic, okawaru_ov_weapons_minmay
D:10:     layout_irregular_city, erik_lair_island, nicolae_trove_entry_crystal,
          enter_bailey_4
D:11:     layout_roguey, zombieorc1_lemuel, special_room [special_room_orc],
          minivault_24, hangedman_decor_riveting
D:12:     minmay_the_grid_square_5x5_5x5
          [minmay_the_grid_square_5x5_two_walls_b, minmay_the_grid_square_5x5_v,
          minmay_the_grid_square_5x5_longway,
          minmay_the_grid_square_5x5_percent, minmay_the_grid_square_5x5_bite,
          minmay_the_grid_square_5x5_eight,
          minmay_the_grid_square_5x5_prize_rear_guard,
          minmay_the_grid_square_5x5_gyroscope,
          minmay_the_grid_square_5x5_prize_open,
          minmay_the_grid_square_5x5_six_small,
          minmay_the_grid_square_5x5_almost_minimal,
          minmay_the_grid_square_5x5_intrusive_squares,
          minmay_the_grid_square_5x5_prize_monsterx,
          minmay_the_grid_square_5x5_one_wall,
          minmay_the_grid_square_5x5_shrine2,
          minmay_the_grid_square_5x5_inner_v,
          minmay_the_grid_square_5x5_prize_junk,
          minmay_the_grid_square_5x5_spiral_small,
          minmay_the_grid_square_5x5_prize_itemx,
          minmay_the_grid_square_5x5_misaligned,
          minmay_the_grid_square_5x5_spiral, minmay_the_grid_square_5x5_inner_z,
          minmay_the_grid_square_5x5_bracketed,
          minmay_the_grid_square_5x5_slash,
          minmay_the_grid_square_5x5_eight_small], layout_basic,
          grunt_ministairs_2
D:13:     layout_roguey, david_vaults_4, nicolae_qazlal_style_of_elements,
          uniq_jorgrun, uniq_sonja
D:14:     layout_irregular_city, serial_bayou_pond_d, led_sif_pool,
          uniq_josephine
D:15:     grunt_enter_depths_magical_seal, layout_basic, ashenzari_altar_1,
          st_stairs_14, roderic_lattice_a, hex_intersection, nzn_life_drinkers
Lair:1:   layout_chaotic_city, minmay_holes, st_stairs_8, serial_bayou_lagoon_a,
          cheibrodos_lair_reptile_den
Lair:2:   layout_cave_pods, shoals_dummy_entry, nicolae_snake_entry_squirm,
          gauntlet_entry_generic, minivault_27
Lair:3:   layout_small_grid, pdpol_lair_neglected_garden,
          eino_small_chamber_without_monster, serial_bayou_shore_a
Lair:4:   layout_cave_shapes, beast_lair_carwin_10, infiniplex_staircase_pool
Lair:5:   wormcave, layout_misc_corridors, guppyfry_lair_end_dragon,
          minmay_slime_entry_pillars
Shoals:1: layout_shoals, serial_shops, nicolae_take_the_stairs
Shoals:2: layout_shoals, serial_nicolae_subway, nicolae_sub_station_stone,
          nicolae_sub_station_metal, nicolae_sub_station_crystal,
          uniq_polyphemus, uniq_kirke, uniq_ilsuiw
Shoals:3: layout_shoals, hellmonk_ghost_happy_afterlife,
          nicolae_shoals_pincushion_passage
Shoals:4: shoals_end_hellmonk_storm_palace [storm_palace_center_square,
          storm_palace_corner_pillars, storm_palace_corner_blocked,
          storm_palace_corner_narrow, storm_palace_corner_narrow], serial_shops
Snake:1:  layout_honeycomb, grunt_megastairs_4
Snake:2:  layout_onion_interference, gammafunk_ghost_necromancy, uniq_vashnia
Snake:3:  layout_cave_pods, hangedman_snake_pattern, drop_trap, uniq_mara,
          uniq_roxanne
Snake:4:  hellmonk_snake_rune_quicksilver_temple, layout_misc_corridors,
          serial_shops, shop, nicolae_snake_gridmaze_spiral,
          grunt_ministairs_14, nicolae_shop_self_help, uniq_aizul
Orc:1:    layout_caves, ebering_ghost_gozag
Orc:2:    grunt_orc_community_town_hall, layout_diamond_mine,
          grunt_orc_community_big_house_1, grunt_orc_community_big_house_2,
          grunt_orc_community_house_1, grunt_orc_community_house_1,
          grunt_orc_community_house_3, grunt_orc_community_house_1,
          grunt_orc_community_house_1, grunt_orc_community_house_1, basic_altar,
          serial_shops, nicolae_shop_back_alley_shop, mines5_lemuel
Elf:1:    eino_elf_arrival_shootout, layout_gridlike,
          ebering_ghost_reflecting_pool, orc_legates, uniq_asterion
Elf:2:    elven_hall_of_blades_hangedman_alternative
          [nicolae_blade_entry_hurt_lockers], layout_onion_city, serial_shops,
          shop
Elf:3:    nooodl_elf_gasket, layout_gridlike, serial_shops,
          nicolae_shop_back_alley_shop, drop_trap, hex_intersection
Vaults:1: gammafunk_ghost_grave, hangedman_vaults_hard_town_square,
          nicolae_vaults_prndl, nicolae_vaults_double_plus_2,
          nicolae_vaults_storage_room_water, vaults_mumra_minichess_inversion,
          nicolae_vaults_double_plus_2, nicolae_vaults_apartment_2,
          nicolae_vaults_sesquioval_fish, vaults_room_fours,
          layout_vaults_chaotic_city
Vaults:2: vaults_standard_mumra_x, nicolae_vaults_network_s, v_misc_16,
          nicolae_vaults_double_plus_1, nicolae_vaults_cochlea,
          nicolae_vaults_offset_grid_hallway_1,
          nicolae_vaults_ring_of_whatevers, blue_anna_dwarven_crypt,
          nicolae_vaults_puzzle_piece, ontoclasm_vaults_pinch,
          layout_vaults_quadrants, uniq_jory, uniq_margery
Vaults:3: nicolae_vaults_heart-shaped_vault, grunt_vaults_swirl, v_misc_10,
          vaults_mumra_minichess, hangedman_vaults_trim,
          nicolae_vaults_six-pack, nicolae_vaults_mush_room,
          nicolae_vaults_tetromino_T_2, nicolae_vaults_little_ls,
          nicolae_vaults_double_plus_1, v_misc_24, v_alt_pattern_3,
          layout_vaults_maze_snakey
Vaults:4: ebering_ghost_inner_flame, vaults_room_corners,
          nicolae_vaults_door_testing_chamber, v_misc_8,
          nicolae_vaults_twisting_passages, v_rooms_2, v_misc_9, v_misc_30,
          v_alt_pattern_4, nicolae_vaults_oval_intersection,
          vaults_dpeg_encased_lava, nicolae_vaults_stand_back,
          nicolae_vaults_tangram_1, nicolae_vaults_tetromino_Z_1,
          ontoclasm_vaults_gateway, layout_vaults_omnicross, uniq_donald
Vaults:5: uniq_xtahua
Depths:1: minmay_heptahexagon, layout_gridlike, enter_ziggurat_f,
          pf_hell_entry_great_geh, rand_demon_pan_entry_8,
          nicolae_twisting_strands, hangedman_decor_points,
          kennysheep_nondescript, nicolae_kikubaaqudgha_miasma_corner,
          uniq_sojobo
Depths:2: kennysheep_spiral_hall, layout_basic, serial_curves, eino_curves_01,
          eino_curves_01, eino_curves_03, eino_curves_03, hell_entry,
          grunt_pan_entry_spiral
Depths:3: nicolae_legendary_halls, layout_basic, fountainhead,
          ploomutoo_gammafunk_ghost_potion_laboratory, serial_shops,
          nicolae_square_shop, nicolae_shop_tiny_statue_garden,
          nicolae_diamond_shop, shop, hell_entry, minmay_room_of_horrors,
          infiniplex_staircase_pool_1, uniq_enchantress
Depths:4: lemuel_castle_with_subvaults [lemuel_castle_interior_carwin_3],
          layout_basic, eino_curves_02, serial_curves, eino_curves_04,
          eino_curves_03, hell_entry, abyss_entry_glasseish
Zot:1:    layout_gridlike, skrybe_zot_glass_2
Zot:2:    layout_misc_corridors, zot_minivault_4
Zot:3:    gammafunk_sealed_library, layout_misc_corridors, grunt_ministairs_13
Zot:4:    lemuel_acid_trip, layout_concentric_octagons, skrybe_zot_glass_3,
          uniq_josephina

Skill      XL: |  1  2  3  4  5  6  7  8  9 10 11 12 13 14 15 16 17 18 19 20 21 22 23 24 25 |
---------------+----------------------------------------------------------------------------+-----
Fighting       | 4 5 7 9 10 12 14 15 18 19 23 24 | 24.7
Maces & Flails | 4 5 6 7 10 12 13 14 16 21 22 | 22.0
Armour         | 4 5 9 13 15 16 18 19 22 23 | 23.5
Dodging        | 3 4 6 8 10 11 12 15 16 18 19 | 19.9
Evocations     | 2 4 7 10 12 | 12.0
Ranged Weapons | 2 8 |  8.5
Stealth        | 4 8 14 | 14.0
Shields        | 10 16 17 18 20 25 27 | 27.0

Action                     |  1- 3 |  4- 6 |  7- 9 | 10-12 | 13-15 | 16-18 | 19-21 | 22-24 | 25-27 || total
---------------------------+-------+-------+-------+-------+-------+-------+-------+-------+-------++-------
  Melee: Mace              |    70 |    77 |    66 |       |       |       |       |       |       ||   213
         Headbutt          |     7 |    14 |    53 |   154 |   302 |   520 |   476 |   759 |   201 ||  2486
         Kick              |       |     9 |    43 |       |       |       |       |       |       ||    52
         Flail             |       |       |   235 |   663 |   388 |       |       |       |       ||  1286
         Spear             |       |       |    13 |       |       |       |       |       |       ||    13
         Punch             |       |       |     1 |     9 |     8 |       |       |       |       ||    18
         Dire flail        |       |       |       |       |   574 |       |       |       |       ||   574
         Morningstar       |       |       |       |       |   304 |  1956 |  1322 |       |       ||  3582
         War axe           |       |       |       |       |     6 |       |       |       |       ||     6
         Eveningstar       |       |       |       |       |       |       |   231 |  1038 |       ||  1269
         Demon whip        |       |       |       |       |       |       |       |  1091 |   537 ||  1628
   Fire: Shortbow          |       |       |    21 |   159 |       |       |       |       |       ||   180
  Throw: Dart              |       |       |       |     2 |     1 |       |       |       |       ||     3
  Evoke: Wand              |     1 |     1 |     9 |       |     1 |       |     3 |       |     1 ||    16
         Box of beasts     |       |       |       |       |     1 |       |       |       |       ||     1
         Piece from Xom's  |       |       |       |       |       |     1 |       |       |       ||     1
    Use: Scroll            |     8 |     1 |     6 |    10 |     7 |     9 |    17 |     6 |     2 ||    66
         Potion            |       |     1 |     4 |     4 |       |     7 |     5 |     1 |     1 ||    23
   Stab: Petrifying        |       |     1 |       |       |       |     1 |       |       |       ||     2
         Confused          |       |       |     1 |     4 |     1 |    13 |    11 |    11 |     5 ||    46
         Paralysed         |       |       |     6 |       |     1 |     3 |       |       |       ||    10
         Distracted        |       |       |       |     1 |     3 |     4 |     5 |     2 |     1 ||    16
         Invisible         |       |       |       |     1 |       |     1 |     6 |     5 |    15 ||    28
         Petrified         |       |       |       |       |       |     4 |       |     1 |       ||     5
         Fleeing           |       |       |       |       |       |     1 |       |       |       ||     1
         Sleeping          |       |       |       |       |       |     3 |    19 |    12 |     1 ||    35
 Armour: Leather armour    |    29 |    42 |    58 |       |       |       |       |       |       ||   129
         Scale mail        |       |       |   142 |   111 |   548 |       |       |   345 |   130 ||  1276
         Storm dragon scal |       |       |       |    29 |       |       |       |       |       ||    29
         Gold dragon scale |       |       |       |   434 |   348 |   960 |       |       |       ||  1742
         Quicksilver drago |       |       |       |       |       |    15 |   392 |    75 |       ||   482
  Dodge: Dodged            |    46 |    38 |   214 |   361 |   783 |   502 |   555 |   611 |   145 ||  3255
  Block: Tower shield      |       |       |       |       |    34 |  1602 |  1231 |  1476 |   356 ||  4699
         Buckler           |       |       |       |       |    21 |       |       |       |       ||    21
         Kite shield       |       |       |       |       |       |   133 |       |       |       ||   133
         Reflection        |       |       |       |       |       |   135 |    52 |    18 |    13 ||   218

Table legend: (Time is in decaauts)
 A = Elapsed time spent in this place.
 B = Non-inter-level travel time spent in this place.
 C = Inter-level travel time spent in this place.
 D = Time resting spent in this place.
 E = Time spent auto-exploring this place.
 F = Levels seen in this place.
 G = Mean time per level.
                   A        B        C        D        E       F      G
               +--------+--------+--------+--------+--------+-----+--------+
         Total |  63647 |  58208 |   5439 |  13492 |  29352 |  49 | 1298.9 |
       Dungeon |  17929 |  15834 |   2095 |   2640 |   9866 |  15 | 1195.3 |
          Lair |   6085 |   4875 |   1210 |    517 |   2813 |   5 | 1217.0 |
        Shoals |   6000 |   5692 |    308 |   2205 |   1830 |   4 | 1500.0 |
     Snake Pit |   5900 |   5472 |    428 |   1458 |   2537 |   4 | 1475.0 |
  Orcish Mines |   2459 |   1954 |    505 |    252 |   1077 |   2 | 1229.5 |
   Elven Halls |   6407 |   6152 |    255 |   2873 |   1982 |   3 | 2135.7 |
        Vaults |   7122 |   6852 |    270 |    811 |   4280 |   5 | 1424.4 |
        Depths |   6184 |   5936 |    248 |   1414 |   2765 |   4 | 1546.0 |
           Zot |   4273 |   4156 |    117 |    942 |   1940 |   4 | 1068.2 |
         Trove |     61 |     61 |      0 |      0 |      2 |   1 |   61.0 |
        Bailey |    509 |    509 |      0 |    160 |    110 |   1 |  509.0 |
      Gauntlet |    712 |    712 |      0 |    217 |    147 |   1 |  712.0 |
               +--------+--------+--------+--------+--------+-----+--------+

Top non-repeatable levels by time:
   Elf:3: 4120 daAuts
Vaults:5: 1928 daAuts
  Lair:5: 1863 daAuts
     D:4: 1820 daAuts
Shoals:3: 1799 daAuts
Depths:4: 1783 daAuts
   Zot:4: 1760 daAuts
Shoals:4: 1760 daAuts
 Snake:2: 1730 daAuts
 Snake:4: 1685 daAuts
    D:12: 1625 daAuts
  Lair:2: 1595 daAuts
 Snake:3: 1565 daAuts
Depths:3: 1538 daAuts
Depths:1: 1511 daAuts
